 Dungeon Crawl Stone Soup version 0.21-a0-630-g344d351 (webtiles) character file.

621564 tidbits the Gnoll Aeon (level 27, -7/279 HPs)
             Began as a Gnoll Earth Elementalist on Dec 25, 2017.
             Was the Champion of Cheibriados.
             Mangled by a profane servitor
             ... wielding a +3 demon whip of flaming
              (12 damage)
             ... on level 15 of a ziggurat on Dec 26, 2017.
             The game lasted 08:43:29 (15832 turns).

tidbits the Gnoll Aeon (Gnoll Earth Elementalist)  Turns: 15832, Time: 08:43:30

Health: -7/279     AC: 40    Str: 29    XL:     27
Magic:  5/44       EV: 34    Int: 55    God:    Cheibriados [******]
Gold:   1080       SH: 19    Dex: 34    Spells: 4/61 levels left

rFire    . . .     SeeInvis +     - Unarmed
rCold    . . .     Gourm    .   D - +1 shield
rNeg     + . .     Faith    .   (armour currently unavailable)
rPois    ∞         Spirit   .   E - +2 hat of Wariness {Int+5 Dex+2}
rElec    +         Reflect  .   C - +2 cloak
rCorr    +         Harm     .   (gloves currently unavailable)
MR       +++..                  (boots currently unavailable)
Stlth    ++++++++..             m - amulet of magic regeneration
HPRegen  0.00/turn              K - ring of Pamaop {rCorr rPois MR+}
MPRegen  0.54/turn              A - ring "Epoyfis" {Int+7 SInv}

@: statue-form, slightly contaminated, regenerating, wreathed by umbra, studying
Transmutations, very slow
A: distributed training, fangs 1, screaming 1, inhibited regeneration, strong 1,
no potion heal 2, strong nose
}: 5/15 runes: barnacled, slimy, silver, golden, gossamer
a: End Transformation, Bend Time, Temporal Distortion, Slouch, Step From Time,
Renounce Religion


You were on level 15 of a ziggurat.
You worshipped Cheibriados.
Cheibriados was exalted by your worship.
You were full.
You were a stone statue.
You visited 11 branches of the dungeon, and saw 51 of its levels.
You visited the Abyss 1 time.
You visited 1 bazaar.
You visited 1 ziggurat, and saw 15 of its levels.
You also visited: Labyrinth, Sewer, Ice Cave and Desolation.

You collected 4526 gold pieces.
You spent 3446 gold pieces at shops.

Inventory:

Missiles
 q - 8 throwing nets (quivered) {!f}
Armour
 B - a +0 troll leather armour (melded)
 C - a +2 cloak (worn)
 D - a +1 shield (worn)
 E - the +2 hat of Wariness (worn) {Int+5 Dex+2}
   (You found it on level 12 of a ziggurat)

   It affects your intelligence (+5).
   It affects your dexterity (+2).
 F - the +0 pair of boots "Ciododur" (melded) {MR+}
   (You found it in an ice cave)

   It affects your resistance to hostile enchantments.
 G - the +1 pair of gloves "Quisyenuh" (melded) {rF+}
   (You bought it in a shop on level 7 of the Dungeon)

   It protects you from fire.
Magical Staves
 e - an uncursed staff of energy {!a}
   (You found it on level 4 of the Shoals)
Jewellery
 b - an uncursed amulet of regeneration
   (You found it on level 4 of a ziggurat)
 d - an uncursed ring of protection from fire
   (You took it off a yaktaur captain on level 5 of the Vaults)
 m - an amulet of magic regeneration (around neck)
   (You found it on level 10 of the Dungeon)
 A - the ring "Epoyfis" (right hand) {Int+7 SInv}
   (You found it on level 13 of a ziggurat)

   [ring of see invisible]

   It affects your intelligence (+7).
   It lets you see invisible.
 H - the ring "Rozemounne" {rPois MP+9 EV+6}
   (You found it in the Desolation of Salt)

   [ring of evasion]

   It affects your evasion (+6).
   It protects you from poison.
   It affects your magic capacity (+9).
 J - an uncursed ring of protection from cold
   (You found it on level 1 of the Lair of Beasts)
 K - the ring of Pamaop (left hand) {rCorr rPois MR+}
   (You found it in the Desolation of Salt)

   [ring of resist corrosion]

   It protects you from poison.
   It affects your resistance to hostile enchantments.
 R - the amulet of the Four Winds {rN+ MR+++ Clar}
   (You found it on level 3 of the Tomb of the Ancients)

   [amulet of nothing]

   It protects you from negative energy.
   It affects your resistance to hostile enchantments.
   It protects you against confusion.
 W - the ring "Vamelid" {Wiz rPois}
   (You found it on level 7 of a ziggurat)

   [ring of wizardry]

   It improves your spell success rate.
   It protects you from poison.
Wands
 n - a wand of digging (35)
 p - a wand of paralysis (58)
 u - a wand of clouds (3)
 x - a wand of iceblast (13)
 M - a wand of acid (16)
 S - a wand of enslavement (72)
Scrolls
 a - 8 scrolls of enchant weapon
 g - a scroll of amnesia
 h - 3 scrolls of immolation
 i - a scroll of identify
 k - 6 scrolls of blinking
 l - 3 scrolls of enchant armour
 o - 15 scrolls of teleportation
 r - 14 scrolls of remove curse
 s - 2 scrolls of silence
 t - 4 scrolls of summoning
 v - 7 scrolls of fog
 Q - 7 scrolls of fear
 Y - 2 scrolls of magic mapping
Potions
 f - 15 potions of curing
 w - a potion of invisibility
 z - 9 potions of flight
 O - 3 potions of heal wounds
 T - a potion of ambrosia
 U - a potion of might
 X - 5 potions of cancellation
 Z - a potion of brilliance
Books
 N - a manual of Transmutations
   (You found it on level 6 of a ziggurat)
Miscellaneous
 j - a lightning rod (4/4)
 y - 6 boxes of beasts
 L - a phial of floods
 P - a lamp of fire (inert)
 V - 7 phantom mirrors
Comestibles
 c - 42 rations


   Skills:
 + Level 17.2 Fighting
 + Level 17.2 Short Blades
 + Level 17.2 Long Blades
 + Level 17.2 Axes
 + Level 17.2 Maces & Flails
 + Level 17.2 Polearms
 + Level 17.2 Staves
 + Level 17.2 Slings
 + Level 17.2 Bows
 + Level 17.2 Crossbows
 + Level 17.2 Throwing
 + Level 17.2 Armour
 + Level 17.6 Dodging
 + Level 17.6 Stealth
 + Level 17.2 Shields
 + Level 17.2 Unarmed Combat
 + Level 17.7 Spellcasting
 + Level 14.8 Conjurations
 + Level 14.8 Hexes
 + Level 14.8 Charms
 + Level 14.8 Summonings
 + Level 14.8 Necromancy
 + Level 14.8 Translocations
 + Level 15.6 Transmutations
 + Level 14.8 Fire Magic
 + Level 14.8 Ice Magic
 + Level 14.8 Air Magic
 + Level 15.6 Earth Magic
 + Level 14.8 Poison Magic
 + Level 18.5 Invocations
 + Level 17.2 Evocations


You had 4 spell levels left.
You knew the following spells:

 Your Spells              Type           Power        Failure   Level  Hunger
a - Summon Lightning Spi  Summ/Air       ########     0%          4    None
b - Blink                 Tloc           N/A          0%          2    None
g - Passage of Golubria   Tloc           N/A          0%          4    None
r - Regeneration          Chrm/Necr      ########..   0%          3    None
s - Statue Form           Tmut/Erth      ########.    1%          6    None
v - Borgnjor's Vile Clut  Necr/Erth      ########..   0%          5    None
A - Apportation           Tloc           ######       0%          1    None
B - Controlled Blink      Tloc           N/A          4%          8    None
D - Lee's Rapid Deconstr  Erth           ########..   0%          5    None
G - Ignition              Fire           ########..   4%          8    None
N - Animate Dead          Necr           N/A          0%          4    None
R - Irradiate             Conj/Tmut      ########..   0%          5    None
Z - Sublimation of Blood  Necr           ########..   0%          2    None


Dungeon Overview and Level Annotations

Branches:
Dungeon (15/15)            Temple (1/1) D:7            Lair (6/6) D:11
 Shoals (4/4) Lair:2       Spider (4/4) Lair:4        Slime (5/5) Lair:5
    Orc (2/2) D:11            Elf (3/3) Orc:2        Vaults (5/5) D:14
  Crypt (3/3) Vaults:3       Tomb (3/3) Crypt:3
 Depths: D:15

Altars:
Ashenzari
Cheibriados
Dithmenos
Elyvilon
Fedhas
Gozag
Hepliaklqana
Makhleb
Nemelex Xobeh
Okawaru
Qazlal
Ru
Sif Muna
Trog
Uskayaw
Vehumet
Wu Jian
Xom
Zin
The Shining One
Beogh
Jiyva

Shops:
D:7 *   Orc:2 ?(**(}   Elf:1 [   Vaults:5 :

Annotations:
D:4 Ijyb


Innate Abilities, Weirdness & Mutations

Your experience applies equally to all skills.
You have very sharp teeth.
Your uncanny sense of smell can sniff out nearby items.
((You are partially covered in molten scales. (AC +2)))
You occasionally shout uncontrollably at your foes.
You do not regenerate when monsters are visible.
Your muscles are strong. (Str +2)
Potions are poor at restoring your health.


Message History

Unknown command.
Blink to where?
Press: ? - help, Dir - move target cursor You are contaminated with residual magic.
As you read the scroll of blinking, it crumbles to dust.
Found twenty items.
Found two gates leading back out of this place.
Found a stone staircase leading down.
As you read the scroll of fog, it crumbles to dust.
The scroll dissolves into smoke.
Casting: Blink
Confirm with . or Enter, or press ? or * to list all spells.
Your skin crawls.
You block the profane servitor's attack. x2
The profane servitor completely misses you.
The profane servitor misses you.
Evoke which item? (* to show all) (? for menu, Esc to quit)
Okay, then.
Press: ? - help, v - describe, . - travel
Here: a profane servitor, wielding a demon whip of flaming (grey smoke, almost destroyed, umbra)
The floor.
Evoke which item? (* to show all) (? for menu, Esc to quit)
Okay, then.
Unknown command.
Press: ? - help, v - describe, . - travel
Here: a profane servitor, wielding a demon whip of flaming (grey smoke, almost destroyed, umbra)
The floor.
Evoke which item? (* to show all) (? for menu, Esc to quit)
Okay, then.
Unknown command.
Drop what? 51/52 slots (_ for help) (? for menu, Esc to quit)
Okay, then.
Unknown command.
Press: ? - help, v - describe, . - travel
Here: a profane servitor, wielding a demon whip of flaming (grey smoke, almost destroyed, umbra)
The floor.
Evoke which item? (* to show all) (? for menu, Esc to quit)
Aiming: Corrosive Bolt
Press: ? - help, Shift-Dir - straight line, f - profane servitor
Aim: a profane servitor, wielding a demon whip of flaming (grey smoke, almost destroyed, umbra)
The bolt of acid misses the profane servitor.
The profane servitor hits you with a demon whip of flaming!
* * * LOW HITPOINT WARNING * * *
The profane servitor burns you.
* * * LOW HITPOINT WARNING * * *
The profane servitor barely misses you.
The profane servitor closely misses you.
The profane servitor completely misses you.
Unknown command.
Unknown command.
Evoke which item? (* to show all) (? for menu, Esc to quit)
Aim the lamp in which direction?
Press: ? - help, Dir - move target cursor, f/p - profane servitor
Aim: a profane servitor, wielding a demon whip of flaming (grey smoke, almost destroyed, umbra)
Okay, then.
Press: ? - help, v - describe, . - travel
Here: a profane servitor, wielding a demon whip of flaming (grey smoke, almost destroyed, umbra)
The floor.
Evoke which item? (* to show all) (? for menu, Esc to quit)
Aim the lamp in which direction?
Press: ? - help, Dir - move target cursor, f/p - profane servitor
Aim: a profane servitor, wielding a demon whip of flaming (grey smoke, almost destroyed, umbra)
The flames dance!
The trail of fire misses the profane servitor.
You block the profane servitor's attack. x2
The profane servitor hits you but does no damage.
The profane servitor closely misses you.
Your body shudders with the violent release of wild energies!
You feel the urge to shout.
You feel less contaminated with magical energies.
Evoke which item? (* to show all) (? for menu, Esc to quit)
Okay, then.
Unknown command.
Okay, then.
Unknown command.
Evoke which item? (* to show all) (? for menu, Esc to quit)
Aiming: Corrosive Bolt
Press: ? - help, Shift-Dir - straight line, f/p - profane servitor
Aim: a profane servitor, wielding a demon whip of flaming (grey smoke, almost destroyed, umbra)
The bolt of acid hits the profane servitor.
The profane servitor is splashed with acid.
The profane servitor is almost destroyed.
The profane servitor hits you but does no damage.
You block the profane servitor's attack. x2
The profane servitor completely misses you.
Evoke which item? (* to show all) (? for menu, Esc to quit)
Okay, then.
Unknown command.
Press: ? - help, v - describe, . - travel
Here: a profane servitor, wielding a demon whip of flaming (grey smoke, almost destroyed, umbra)
The floor.
Unknown command.
Unknown command.
Evoke which item? (* to show all) (? for menu, Esc to quit)
Aiming: Corrosive Bolt
Press: ? - help, Shift-Dir - straight line, f/p - profane servitor
Aim: a profane servitor, wielding a demon whip of flaming (grey smoke, almost destroyed, umbra)
The bolt of acid misses the profane servitor.
The profane servitor hits you with a demon whip of flaming!
You die...

.§§...)..)).....
.§§................$))▓
§§§....)...........|))▓
§§....[.###A.......:)∩▓
.§..§.))#6#........})>▓
§.§§...)###........))∩▓
.............§§§§§§(:}▓
.............§§§§§..?=▓
.............§§A8§....▓
............§§§§§§....▓
▓▓▓▓.........§§▓▓▓▓▓▓▓▓
...§..§ ....... .......
....... ▓▓▓▓▓▓▓


You could see a profane servitor.

Vanquished Creatures
  the Royal Jelly (Slime:5)
  An orb of fire (Zig:8)
  5 ancient liches
  9 greater mummies
  5 juggernauts
  Boris (Crypt:3)
  Sojobo (Crypt:1)
  The ghost of Tungsten the Markscentaur, a veteran CeHu of Okawaru (Vaults:5)
  Saint Roka (Crypt:3)
  The ghost of tidbits the Gnoll Aeon, a veteran GnEE of Cheibriados (Tomb:1)
  A pandemonium lord (Zig:3)
  The ghost of Potsanchik the Executioner, an adept NaBe of Trog (Vaults:3)
  3 golden dragons (Vaults:5)
  The ghost of tidbits the Warrior, an adept GnSu of Cheibriados (Vaults:5)
  A bone dragon (Vaults:3)
  Arachne (Spider:3)
  A hellephant (Abyss:5)
  3 tentacled monstrosities (Vaults:5)
  An Ice Fiend (IceCv)
  Asterion (Vaults:1)
  7 liches
  3 deep elf blademasters
  2 quicksilver dragons
  A tentacled starspawn (Abyss:5)
  7 titans (Vaults:5)
  Polyphemus (Shoals:3)
  3 ancient champions
  4 deep elf master archers
  25 acid blobs
  9 sphinxes
  A kraken (Shoals:2)
  A shadow dragon (Vaults:5)
  A warmonger (Zig:3)
  13 azure jellies
  3 revenants
  Donald (Shoals:1)
  A storm dragon (Vaults:5)
  Roxanne (Elf:1)
  Ilsuiw (Shoals:3)
  9 nagarajas (Zig:11)
  A fire giant (Vaults:4)
  8 deep elf sorcerers
  3 ghost moths
  3 frost giants
  A cacodemon (Abyss:5)
  7 emperor scorpions
  8 tengu reavers
  15 vault wardens
  3 imperial myrmidons (Desolation)
  7 deep elf elementalists
  8 orc warlords
  An iron dragon (Vaults:5)
  7 large abominations
  2 angels (Vaults:2)
  6 curse skulls
  2 war gargoyles (Vaults:5)
  11 ironheart preservers
  A ghoul (Crypt:1)
  5 entropy weavers
  2 reapers
  13 stone giants
  5 vampire knights
  4 bennus
  6 deep elf demonologists
  9 deep elf annihilators
  The ghost of Charly the Severer, a journeyman MiBe of Trog (Lair:3)
  A blizzard demon (Abyss:5)
  A halazid warlock (Desolation)
  7 eidola
  3 merfolk javelineers
  3 fire dragons
  7 death oozes
  10 mummy priests
  5 ettins
  7 merfolk impalers
  A minotaur (Lab)
  4 ragged hierophants (Desolation)
  9 ogre magi
  9 deep elf death magi
  8 deep elf high priests
  8 great orbs of eyes
  2 jiangshi
  13 yaktaur captains
  7 servants of whispers (Desolation)
  Harold (Lair:3)
  4 peacekeepers (Desolation)
  32 vault guards
  6 hydras
  2 catoblepae
  2 merfolk avatars
  4 ice dragons
  2 alligator snapping turtles
  9 centaur warriors
  An anaconda (shapeshifter) (Zig:5)
  29 two-headed ogres
  A merfolk aquamancer (Shoals:4)
  3 death knights
  2 satyrs
  12 dancing weapons
  4 death yaks
  19 death scarabs
  3 vampire magi
  2 small abominations
  A shock serpent (Zig:11)
  A tengu warrior (D:13)
  6 orc high priests
  Urug (Lair:5)
  3 hell knights (Crypt:3)
  6 naga sharpshooters
  Sonja (D:13)
  3 fire crabs (Zig:8)
  A storm dragon zombie (Vaults:5)
  3 thrashing horrors (Abyss:5)
  13 deep elf knights
  A soul eater (Crypt:1)
  Nergalle (D:10)
  A wretched star (Abyss:5)
  6 shadow wraiths
  10 sea snakes
  24 skeletal warriors
  4 iron trolls
  A spatial maelstrom (Abyss:5)
  An unseen horror (shapeshifter) (Vaults:5)
  2 storm dragon skeletons
  9 flayed ghosts
  5 wizards
  2 deep trolls
  A glowing orange brain (Slime:5)
  10 deep elf archers
  14 ironbrand convokers
  A harpy (Shoals:3)
  2 necromancers
  10 phantasmal warriors
  A naga ritualist (Zig:11)
  An oklob plant (Zig:14)
  A mana viper (shapeshifter) (D:15)
  5 shining eyes
  9 manticores
  44 deep elf magi
  An orb spider (shapeshifter) (Vaults:2)
  20 wolf spiders
  14 orc knights
  21 ugly things
  4 orb spiders
  13 orc sorcerers
  5 fauns
  9 moths of wrath
  2 shadow dragon skeletons
  15 cyclopes
  Joseph (D:7)
  8 black mambas
  An apocalypse crab (Abyss:5)
  A stone giant skeleton (Tomb:3)
  3 elephants (Lair:2)
  5 guardian serpents (Desolation)
  Maurice (Orc:1)
  A water nymph (shapeshifter) (Zig:4)
  A water nymph (Shoals:4)
  2 centaur zombies
  9 merfolk sirens
  A black mamba (shapeshifter) (Elf:3)
  An elf zombie (Vaults:5)
  A torpor snail (Zig:10)
  A shock serpent zombie (Tomb:2)
  16 vault sentinels
  2 ice statues
  2 eyes of devastation (Slime:5)
  A molten gargoyle (Desolation)
  8 gargoyles
  2 naga magi (Zig:11)
  A titan simulacrum (Vaults:5)
  A fire giant skeleton (Crypt:3)
  22 spiny frogs
  2 orange demons (Abyss:5)
  A smoke demon (Abyss:5)
  A human zombie (Vaults:5)
  16 freezing wraiths
  3 rime drakes (Lair:6)
  7 komodo dragons
  A white draconian zombie (Crypt:1)
  25 yaktaurs
  2 kobold demonologists
  3 anaconda simulacra (IceCv)
  A golden dragon simulacrum (IceCv)
  8 demonic crawlers
  31 guardian mummies
  8 ice devils (IceCv)
  A merfolk (shapeshifter) (Zig:5)
  A meliai (shapeshifter) (Vaults:5)
  A harpy zombie (D:15)
  10 merfolk
  A queen bee (shapeshifter) (Vaults:1)
  13 trolls
  3 meliai (Spider:2)
  2 wind drakes
  24 jumping spiders
  2 polar bears
  4 tyrant leeches (Lair:6)
  49 saltlings (Desolation)
  6 hornets
  31 blink frogs
  A dream sheep (shapeshifter) (Zig:4)
  An ettin zombie (Tomb:3)
  38 slime creatures
  7 hippogriffs
  2 hydra skeletons
  3 snapping turtles
  9 dream sheep
  3 raiju (Abyss:5)
  39 redbacks
  26 flying skulls
  2 vampires
  A black mamba zombie (Crypt:2)
  A redback (shapeshifter) (Vaults:5)
  2 wyverns
  A wraith (Vaults:3)
  A ynoxinul (Abyss:5)
  5 centaur simulacra
  7 shadows
  A tarantella (shapeshifter) (Vaults:2)
  2 fire dragon skeletons (Crypt:3)
  2 yaks (shapeshifter)
  11 tarantellas
  5 basilisks
  5 water elementals
  16 ushabtiu
  5 fire elementals
  20 yaks
  5 golden eyes (Slime:5)
  6 hungry ghosts
  5 harpy simulacra (IceCv)
  A death yak simulacrum (IceCv)
  6 vampire mosquitoes (Lair:6)
  22 wargs
  2 spatial vortices (Abyss:5)
  A soldier ant (shapeshifter) (Elf:3)
  3 iron troll simulacra (IceCv)
  Duvessa (D:7)
  An acid dragon (Vaults:1)
  4 hydra simulacra
  A hell hound (Zig:8)
  11 water moccasins
  52 orc warriors
  4 porcupines
  A gelid demonspawn skeleton (Crypt:1)
  2 ice beasts
  A black bear (Elf:2)
  A spiny frog skeleton (Crypt:1)
  3 ettin simulacra (IceCv)
  2 eyes of draining
  7 starcursed masses (Abyss:5)
  A swamp drake (Zig:1)
  2 sky beasts
  33 ogres
  A fire dragon simulacrum (Tomb:3)
  A wolf (Vaults:1)
  2 phantoms
  A tengu (shapeshifter) (Vaults:5)
  A necrophage (D:8)
  11 boggarts
  10 centaurs
  A swamp dragon skeleton (Crypt:1)
  A torpor snail zombie (Crypt:1)
  A manticore skeleton (Crypt:3)
  6 crocodiles
  3 big kobolds
  25 bullfrogs
  Blork the orc (D:7)
  5 earth elementals
  A gnoll sergeant (D:12)
  A bullfrog (shapeshifter) (Vaults:5)
  2 wyvern zombies (D:13)
  A troll zombie (Crypt:1)
  2 scorpions
  Dowan (D:7)
  14 killer bees
  13 wights
  3 electric eels
  4 howler monkeys
  4 draconian simulacra (IceCv)
  A bullfrog zombie (D:12)
  2 human simulacra
  2 quasits (D:6)
  19 orc priests
  A bullfrog skeleton (D:13)
  A soldier ant zombie (Crypt:1)
  6 hounds
  5 jellies
  3 centaur skeletons
  11 iguanas
  56 orc wizards
  A lightning spire (Zig:11)
  2 spriggan simulacra (IceCv)
  A troll simulacrum (IceCv)
  8 worker ants
  A polar bear simulacrum (IceCv)
  2 wolf simulacra (IceCv)
  A naga skeleton (Crypt:2)
  A tengu skeleton (Crypt:1)
  28 mummies
  5 gnolls
  2 howler monkey skeletons
  11 adders
  A naga simulacrum (IceCv)
  3 ogre simulacra (IceCv)
  2 shadow imps
  8 white imps
  5 ufetubi (IceCv)
  4 oozes
  A halfling skeleton (Crypt:1)
  8 worms
  2 dart slugs
  7 leopard geckos
  114 orcs
  2 ball pythons (Sewer)
  5 giant cockroaches
  5 goblins
  2 hobgoblins
  8 jackals
  4 quokkas
  12 bats
  A frilled lizard (D:4)
  15 kobolds
  2 leopard gecko skeletons
  A quokka skeleton (D:4)
  5 rats
  5 crawling corpses
  2 fungi (Elf:2)
  5 plants
  3 tentacles (Shoals:2)
2086 creatures vanquished.

Vanquished Creatures (collateral kills)
  An ancient lich (Vaults:5)
  A tentacled monstrosity (Vaults:5)
  A shadow dragon (Vaults:5)
  A vault warden (Vaults:4)
  A ghost moth (Spider:4)
  An emperor scorpion (Spider:4)
  An ironheart preserver (Vaults:2)
  A stone giant (Vaults:4)
  An ettin (Vaults:5)
  3 merfolk impalers
  A ragged hierophant (Desolation)
  A peacekeeper (Desolation)
  2 servants of whispers (Desolation)
  A centaur warrior (Vaults:4)
  3 merfolk avatars (Shoals:4)
  2 merfolk aquamancers (Shoals:4)
  12 death scarabs (Tomb:3)
  2 two-headed ogres
  An ogre mage (Vaults:2)
  2 death yaks (Shoals:3)
  A fire crab (Zig:8)
  4 harpies (Shoals:3)
  A phantasmal warrior (Vaults:3)
  6 orb spiders (Spider:4)
  2 manticores (Shoals:4)
  11 wolf spiders (Spider:4)
  A deep elf mage (Vaults:4)
  2 cyclopes
  2 fauns
  4 merfolk sirens
  A moth of wrath (Spider:4)
  2 vault sentinels
  2 yaktaurs (Vaults:4)
  3 demonic crawlers (Spider:4)
  14 jumping spiders
  3 merfolk (Shoals:4)
  4 hornets (Spider:4)
  8 saltlings (Desolation)
  2 snapping turtles (Shoals:4)
  2 dream sheep (Shoals:4)
  25 redbacks
  5 tarantellas
  A water elemental (Shoals:4)
  3 ogres
  2 centaurs
  A tengu zombie (Tomb:1)
  A ball lightning (Tomb:3)
  An orc (Vaults:1)
  A plant (Shoals:4)
154 creatures vanquished.

Vanquished Creatures (others)
  2 ghost moths
  An entropy weaver (Zig:10)
  A bennu (Tomb:2)
  3 fire dragons
  3 death scarabs
  A shadow wraith (Vaults:3)
  A skeletal warrior (Tomb:2)
  A wolf spider (Spider:2)
  An iron dragon zombie (Crypt:1)
  A saltling (Desolation)
  A redback (Spider:1)
  6 flying skulls (Tomb:2)
  A water elemental (Elf:2)
  2 mummies (Tomb:2)
  A fungus (Lair:6)
  A lurking horror (Abyss:5)
  21 plants
  2 starspawn tentacles (Abyss:5)
  A tentacle (Shoals:2)
  39 withered plants (Crypt:3)
90 creatures vanquished.

Grand Total: 2330 creatures vanquished

Notes
Turn   | Place    | Note
-------+----------+-------------------------------------------
     0 | D:1      | tidbits the Gnoll Earth Elementalist began the quest for the Orb.
     0 | D:1      | Reached XP level 1. HP: 13/13 MP: 6/6
    71 | D:1      | Reached skill level 2 in Transmutations
   110 | D:2      | Reached XP level 2. HP: 19/19 MP: 2/7
   114 | D:2      | Learned a level 2 spell: Passwall
   202 | D:2      | Reached skill level 5 in Spellcasting
   202 | D:2      | Reached XP level 3. HP: 25/25 MP: 3/9
   277 | D:2      | Reached skill level 1 in Invocations
   299 | D:3      | Reached skill level 1 in Fighting
   299 | D:3      | Reached skill level 1 in Short Blades
   299 | D:3      | Reached skill level 1 in Long Blades
   299 | D:3      | Reached skill level 1 in Axes
   299 | D:3      | Reached skill level 1 in Maces & Flails
   299 | D:3      | Reached skill level 1 in Polearms
   299 | D:3      | Reached skill level 1 in Staves
   299 | D:3      | Reached skill level 1 in Slings
   299 | D:3      | Reached skill level 1 in Bows
   299 | D:3      | Reached skill level 1 in Crossbows
   299 | D:3      | Reached skill level 1 in Throwing
   299 | D:3      | Reached skill level 1 in Armour
   299 | D:3      | Reached skill level 1 in Shields
   299 | D:3      | Reached skill level 1 in Unarmed Combat
   299 | D:3      | Reached skill level 1 in Evocations
   302 | D:3      | Reached XP level 4. HP: 28/32 MP: 2/11
   429 | D:3      | Found a sacrificial altar of Ru.
   569 | D:4      | Reached skill level 1 in Conjurations
   569 | D:4      | Reached skill level 1 in Hexes
   569 | D:4      | Reached skill level 1 in Charms
   569 | D:4      | Reached skill level 1 in Summonings
   569 | D:4      | Reached skill level 1 in Necromancy
   569 | D:4      | Reached skill level 1 in Translocations
   569 | D:4      | Reached skill level 1 in Fire Magic
   569 | D:4      | Reached skill level 1 in Ice Magic
   569 | D:4      | Reached skill level 1 in Air Magic
   569 | D:4      | Reached skill level 1 in Poison Magic
   569 | D:4      | Reached XP level 5. HP: 20/37 MP: 4/12
   620 | D:4      | Found a shimmering altar of Xom.
   658 | D:4      | Noticed Ijyb
   684 | D:4      | Found a deep blue altar of Sif Muna.
   743 | D:5      | Entered Level 5 of the Dungeon
   748 | D:5      | Noticed an ice beast
   786 | D:5      | Killed an ice beast
   786 | D:5      | Reached skill level 2 in Invocations
   786 | D:5      | Reached XP level 6. HP: 14/44 MP: 2/14
   811 | D:5      | Found a glowing golden altar of the Shining One.
   877 | D:5      | Reached skill level 2 in Fighting
   877 | D:5      | Reached skill level 2 in Short Blades
   877 | D:5      | Reached skill level 2 in Long Blades
   877 | D:5      | Reached skill level 2 in Axes
   877 | D:5      | Reached skill level 2 in Maces & Flails
   877 | D:5      | Reached skill level 2 in Polearms
   877 | D:5      | Reached skill level 2 in Staves
   877 | D:5      | Reached skill level 2 in Slings
   877 | D:5      | Reached skill level 2 in Bows
   877 | D:5      | Reached skill level 2 in Crossbows
   877 | D:5      | Reached skill level 2 in Throwing
   877 | D:5      | Reached skill level 2 in Armour
   877 | D:5      | Reached skill level 5 in Dodging
   877 | D:5      | Reached skill level 2 in Shields
   877 | D:5      | Reached skill level 2 in Unarmed Combat
   877 | D:5      | Reached skill level 2 in Evocations
   916 | D:6      | Noticed an orc warrior
   969 | D:6      | Got a transparent bronze ring
   971 | D:6      | Identified the ring of Paoquxoe {rElec rF+ Dex-4 Stlth-} (You found it on level 6 of the Dungeon)
  1065 | D:5      | Found a glowing drain.
  1074 | Sewer    | Entered a sewer
  1310 | D:6      | Reached XP level 7. HP: 47/50 MP: 15/15
  1364 | D:6      | Found an ornate altar of the Wu Jian Council.
  1425 | D:6      | Learned a level 4 spell: Petrify
  1478 | D:6      | Learned a level 3 spell: Mephitic Cloud
  1540 | D:6      | Reached skill level 2 in Conjurations
  1540 | D:6      | Reached skill level 2 in Hexes
  1540 | D:6      | Reached skill level 2 in Charms
  1540 | D:6      | Reached skill level 2 in Summonings
  1540 | D:6      | Reached skill level 2 in Necromancy
  1540 | D:6      | Reached skill level 2 in Translocations
  1540 | D:6      | Reached skill level 2 in Fire Magic
  1540 | D:6      | Reached skill level 2 in Ice Magic
  1540 | D:6      | Reached skill level 2 in Air Magic
  1540 | D:6      | Reached skill level 2 in Poison Magic
  1541 | D:6      | Reached skill level 3 in Transmutations
  1570 | D:6      | Reached skill level 5 in Stealth
  1609 | D:6      | Reached skill level 3 in Invocations
  1732 | D:4      | Reached skill level 6 in Earth Magic
  1732 | D:4      | Reached XP level 8. HP: 42/57 MP: 2/16
  1898 | D:7      | Noticed a white ugly thing
  1910 | D:7      | Killed a white ugly thing
  1910 | D:7      | Reached skill level 3 in Fighting
  1910 | D:7      | Reached skill level 3 in Short Blades
  1910 | D:7      | Reached skill level 3 in Long Blades
  1910 | D:7      | Reached skill level 3 in Axes
  1910 | D:7      | Reached skill level 3 in Maces & Flails
  1910 | D:7      | Reached skill level 3 in Polearms
  1910 | D:7      | Reached skill level 3 in Staves
  1910 | D:7      | Reached skill level 3 in Slings
  1910 | D:7      | Reached skill level 3 in Bows
  1910 | D:7      | Reached skill level 3 in Crossbows
  1910 | D:7      | Reached skill level 3 in Throwing
  1910 | D:7      | Reached skill level 3 in Armour
  1910 | D:7      | Reached skill level 3 in Shields
  1910 | D:7      | Reached skill level 3 in Unarmed Combat
  1910 | D:7      | Reached skill level 6 in Spellcasting
  1910 | D:7      | Reached skill level 3 in Evocations
  1963 | D:7      | Found a white marble altar of Elyvilon.
  2024 | D:7      | Found a bloodstained altar of Trog.
  2096 | D:7      | Found Eppav's General Store.
  2097 | D:7      | Noticed Duvessa
  2097 | D:7      | Noticed Dowan
  2130 | D:7      | Killed Dowan
  2153 | D:7      | Killed Duvessa
  2153 | D:7      | Reached skill level 3 in Conjurations
  2153 | D:7      | Reached skill level 3 in Hexes
  2153 | D:7      | Reached skill level 3 in Charms
  2153 | D:7      | Reached skill level 3 in Summonings
  2153 | D:7      | Reached skill level 3 in Necromancy
  2153 | D:7      | Reached skill level 3 in Translocations
  2153 | D:7      | Reached skill level 3 in Fire Magic
  2153 | D:7      | Reached skill level 3 in Ice Magic
  2153 | D:7      | Reached skill level 3 in Air Magic
  2153 | D:7      | Reached skill level 3 in Poison Magic
  2153 | D:7      | Reached skill level 4 in Invocations
  2170 | D:7      | Bought the +1 pair of gloves "Quisyenuh" {rF+} for 258 gold pieces
  2170 | D:7      | Bought a scroll of fear for 38 gold pieces
  2195 | D:7      | Reached skill level 6 in Dodging
  2195 | D:7      | Reached XP level 9. HP: 58/65 MP: 13/18
  2212 | D:7      | Noticed Blork the orc
  2224 | D:7      | Killed Blork the orc
  2226 | D:7      | Found a staircase to the Ecumenical Temple.
  2238 | Temple   | Entered the Ecumenical Temple
  2311 | D:7      | Noticed Joseph
  2325 | D:7      | Killed Joseph
  2325 | D:7      | Reached skill level 4 in Fighting
  2325 | D:7      | Reached skill level 4 in Short Blades
  2325 | D:7      | Reached skill level 4 in Long Blades
  2325 | D:7      | Reached skill level 4 in Axes
  2325 | D:7      | Reached skill level 4 in Maces & Flails
  2325 | D:7      | Reached skill level 4 in Polearms
  2325 | D:7      | Reached skill level 4 in Staves
  2325 | D:7      | Reached skill level 4 in Slings
  2325 | D:7      | Reached skill level 4 in Bows
  2325 | D:7      | Reached skill level 4 in Crossbows
  2325 | D:7      | Reached skill level 4 in Throwing
  2325 | D:7      | Reached skill level 4 in Armour
  2325 | D:7      | Reached skill level 4 in Shields
  2325 | D:7      | Reached skill level 4 in Unarmed Combat
  2325 | D:7      | Reached skill level 4 in Transmutations
  2325 | D:7      | Reached skill level 4 in Evocations
  2336 | D:7      | Learned a level 2 spell: Blink
  2340 | D:7      | Learned a level 3 spell: Conjure Flame
  2371 | D:8      | Found a snail-covered altar of Cheibriados.
  2386 | D:8      | Became a worshipper of Cheibriados the Contemplative
  2506 | D:8      | Reached skill level 6 in Stealth
  2581 | D:9      | Reached * piety under Cheibriados
  2595 | D:9      | Reached skill level 5 in Invocations
  2607 | D:9      | Reached XP level 10. HP: 56/73 MP: 0/20
  2619 | D:9      | Reached skill level 7 in Spellcasting
  2663 | D:9      | Reached skill level 4 in Conjurations
  2663 | D:9      | Reached skill level 4 in Hexes
  2663 | D:9      | Reached skill level 4 in Charms
  2663 | D:9      | Reached skill level 4 in Summonings
  2663 | D:9      | Reached skill level 4 in Necromancy
  2663 | D:9      | Reached skill level 4 in Translocations
  2663 | D:9      | Reached skill level 4 in Fire Magic
  2663 | D:9      | Reached skill level 4 in Ice Magic
  2663 | D:9      | Reached skill level 4 in Air Magic
  2663 | D:9      | Reached skill level 4 in Poison Magic
  2701 | D:10     | Entered Level 10 of the Dungeon
  2755 | D:10     | Noticed a two-headed ogre
  2769 | D:10     | Killed a two-headed ogre
  2769 | D:10     | Reached skill level 5 in Fighting
  2769 | D:10     | Reached skill level 5 in Short Blades
  2769 | D:10     | Reached skill level 5 in Long Blades
  2769 | D:10     | Reached skill level 5 in Axes
  2769 | D:10     | Reached skill level 5 in Maces & Flails
  2769 | D:10     | Reached skill level 5 in Polearms
  2769 | D:10     | Reached skill level 5 in Staves
  2769 | D:10     | Reached skill level 5 in Slings
  2769 | D:10     | Reached skill level 5 in Bows
  2769 | D:10     | Reached skill level 5 in Crossbows
  2769 | D:10     | Reached skill level 5 in Throwing
  2769 | D:10     | Reached skill level 5 in Armour
  2769 | D:10     | Reached skill level 5 in Shields
  2769 | D:10     | Reached skill level 5 in Unarmed Combat
  2769 | D:10     | Reached skill level 7 in Earth Magic
  2769 | D:10     | Reached skill level 5 in Evocations
  2779 | D:10     | Learned a level 5 spell: Lee's Rapid Deconstruction
  2782 | D:10     | Noticed a two-headed ogre
  2784 | D:10     | Killed a two-headed ogre
  2784 | D:10     | Reached skill level 7 in Dodging
  2853 | D:11     | Found a staircase to the Lair.
  2926 | D:10     | Noticed Nergalle
  2940 | D:10     | Killed Nergalle
  2940 | D:10     | Reached skill level 7 in Stealth
  2940 | D:10     | Reached skill level 5 in Transmutations
  2940 | D:10     | Reached skill level 6 in Invocations
  2966 | D:10     | Identified a scroll of acquirement
  3031 | D:10     | Reached ** piety under Cheibriados
  3031 | D:10     | Reached XP level 11. HP: 60/81 MP: 22/22
  3178 | D:9      | Learned a level 3 spell: Stone Arrow
  3379 | D:8      | Learned a level 1 spell: Apportation
  3451 | D:11     | Reached skill level 6 in Fighting
  3451 | D:11     | Reached skill level 6 in Short Blades
  3451 | D:11     | Reached skill level 6 in Long Blades
  3451 | D:11     | Reached skill level 6 in Axes
  3451 | D:11     | Reached skill level 6 in Maces & Flails
  3451 | D:11     | Reached skill level 6 in Polearms
  3451 | D:11     | Reached skill level 6 in Staves
  3451 | D:11     | Reached skill level 6 in Slings
  3451 | D:11     | Reached skill level 6 in Bows
  3451 | D:11     | Reached skill level 6 in Crossbows
  3451 | D:11     | Reached skill level 6 in Throwing
  3451 | D:11     | Reached skill level 6 in Armour
  3451 | D:11     | Reached skill level 6 in Shields
  3451 | D:11     | Reached skill level 6 in Unarmed Combat
  3451 | D:11     | Reached skill level 6 in Evocations
  3486 | D:12     | Reached *** piety under Cheibriados
  3516 | D:12     | Reached skill level 5 in Conjurations
  3516 | D:12     | Reached skill level 5 in Hexes
  3516 | D:12     | Reached skill level 5 in Charms
  3516 | D:12     | Reached skill level 5 in Summonings
  3516 | D:12     | Reached skill level 5 in Necromancy
  3516 | D:12     | Reached skill level 5 in Translocations
  3516 | D:12     | Reached skill level 5 in Fire Magic
  3516 | D:12     | Reached skill level 5 in Ice Magic
  3516 | D:12     | Reached skill level 5 in Air Magic
  3516 | D:12     | Reached skill level 5 in Poison Magic
  3542 | D:12     | Noticed a cyclops
  3547 | D:12     | Killed a cyclops
  3606 | D:12     | Reached skill level 8 in Spellcasting
  3718 | D:13     | Noticed a cyclops
  3720 | D:13     | Killed a cyclops
  3760 | D:13     | Noticed a green ugly thing
  3772 | D:13     | Killed a green ugly thing
  3819 | D:13     | Noticed a cyclops
  3828 | D:13     | Killed a cyclops
  3828 | D:13     | Reached skill level 7 in Invocations
  3831 | D:13     | Noticed a cyclops
  3837 | D:13     | Killed a cyclops
  3837 | D:13     | Reached skill level 8 in Dodging
  3897 | D:14     | Noticed a centaur warrior
  3908 | D:14     | Noticed a manticore
  3984 | D:14     | Killed a manticore
  3989 | D:14     | Killed a centaur warrior
  3989 | D:14     | Reached skill level 8 in Stealth
  3989 | D:14     | Reached skill level 6 in Transmutations
  4023 | D:14     | Noticed a cyan ugly thing
  4024 | D:14     | Noticed a cyan ugly thing
  4024 | D:14     | Noticed a cyan ugly thing
  4024 | D:14     | Noticed a cyan ugly thing
  4026 | D:14     | Noticed a cyan ugly thing
  4033 | D:14     | Killed a green ugly thing
  4033 | D:14     | Reached XP level 12. HP: 89/89 MP: 24/24
  4034 | D:14     | Reached **** piety under Cheibriados
  4034 | D:14     | Reached skill level 8 in Earth Magic
  4063 | D:15     | Entered Level 15 of the Dungeon
  4076 | D:14     | Reached skill level 7 in Fighting
  4076 | D:14     | Reached skill level 7 in Short Blades
  4076 | D:14     | Reached skill level 7 in Long Blades
  4076 | D:14     | Reached skill level 7 in Axes
  4076 | D:14     | Reached skill level 7 in Maces & Flails
  4076 | D:14     | Reached skill level 7 in Polearms
  4076 | D:14     | Reached skill level 7 in Staves
  4076 | D:14     | Reached skill level 7 in Slings
  4076 | D:14     | Reached skill level 7 in Bows
  4076 | D:14     | Reached skill level 7 in Crossbows
  4076 | D:14     | Reached skill level 7 in Throwing
  4076 | D:14     | Reached skill level 7 in Armour
  4076 | D:14     | Reached skill level 7 in Shields
  4076 | D:14     | Reached skill level 7 in Unarmed Combat
  4076 | D:14     | Reached skill level 7 in Evocations
  4081 | D:14     | Learned a level 3 spell: Ozocubu's Armour
  4107 | D:15     | Noticed an ogre mage
  4111 | D:15     | Noticed a two-headed ogre
  4114 | D:15     | Noticed a two-headed ogre
  4221 | D:13     | Noticed a centaur warrior
  4233 | D:13     | Noticed a two-headed ogre
  4233 | D:13     | Killed a centaur warrior
  4233 | D:13     | Reached skill level 6 in Conjurations
  4233 | D:13     | Reached skill level 6 in Hexes
  4233 | D:13     | Reached skill level 6 in Charms
  4233 | D:13     | Reached skill level 6 in Summonings
  4233 | D:13     | Reached skill level 6 in Necromancy
  4233 | D:13     | Reached skill level 6 in Translocations
  4233 | D:13     | Reached skill level 6 in Fire Magic
  4233 | D:13     | Reached skill level 6 in Ice Magic
  4233 | D:13     | Reached skill level 6 in Air Magic
  4233 | D:13     | Reached skill level 6 in Poison Magic
  4244 | D:13     | Killed a two-headed ogre
  4244 | D:13     | Reached skill level 8 in Invocations
  4245 | D:13     | Noticed Sonja
  4254 | D:13     | Killed Sonja
  4254 | D:13     | Reached skill level 9 in Spellcasting
  4287 | D:13     | Noticed a tengu warrior
  4289 | D:13     | Killed a tengu warrior
  4369 | D:12     | Noticed a two-headed ogre
  4369 | D:12     | Noticed a two-headed ogre
  4369 | D:12     | Noticed a two-headed ogre
  4369 | D:12     | Noticed a two-headed ogre
  4370 | D:12     | Noticed an ogre mage
  4377 | D:12     | Killed an ogre mage
  4377 | D:12     | Reached skill level 9 in Dodging
  4380 | D:12     | Killed a two-headed ogre
  4385 | D:12     | Killed a two-headed ogre
  4385 | D:12     | Reached XP level 13. HP: 98/98 MP: 16/26
  4445 | D:12     | Reached skill level 9 in Stealth
  4458 | D:12     | Got a jewelled plate armour
  4471 | D:12     | Reached ***** piety under Cheibriados
  4558 | D:11     | Identified the +6 plate armour "Tupleonuz" {rC- Str+6 Int-5 Dex+2} (You found it on level 12 of the Dungeon)
  4688 | D:11     | Reached skill level 7 in Transmutations
  4767 | D:11     | Reached skill level 8 in Fighting
  4767 | D:11     | Reached skill level 8 in Short Blades
  4767 | D:11     | Reached skill level 8 in Long Blades
  4767 | D:11     | Reached skill level 8 in Axes
  4767 | D:11     | Reached skill level 8 in Maces & Flails
  4767 | D:11     | Reached skill level 8 in Polearms
  4767 | D:11     | Reached skill level 8 in Staves
  4767 | D:11     | Reached skill level 8 in Slings
  4767 | D:11     | Reached skill level 8 in Bows
  4767 | D:11     | Reached skill level 8 in Crossbows
  4767 | D:11     | Reached skill level 8 in Throwing
  4767 | D:11     | Reached skill level 8 in Armour
  4767 | D:11     | Reached skill level 8 in Shields
  4767 | D:11     | Reached skill level 8 in Unarmed Combat
  4767 | D:11     | Reached skill level 8 in Evocations
  4810 | D:11     | Found a staircase to the Orcish Mines.
  4870 | Orc:1    | Entered Level 1 of the Orcish Mines
  4884 | Orc:1    | Noticed Maurice
  4889 | Orc:1    | Killed Maurice
  4939 | Orc:2    | Entered Level 2 of the Orcish Mines
  4969 | Orc:2    | Found Nocab's Assorted Antiques.
  4984 | Orc:2    | Bought a scroll labeled EHAOBETUGA for 27 gold pieces
  4989 | Orc:2    | Found a staircase to the Elven Halls.
  5046 | Orc:1    | Reached ****** piety under Cheibriados
  5186 | Orc:2    | Found Liamae's Magic Scroll Boutique.
  5196 | Orc:2    | Bought a scroll of teleportation for 36 gold pieces
  5196 | Orc:2    | Bought a scroll of teleportation for 36 gold pieces
  5196 | Orc:2    | Bought a scroll of amnesia for 42 gold pieces
  5211 | Orc:2    | Reached skill level 9 in Invocations
  5226 | Orc:2    | Bought a scroll of identify for 24 gold pieces
  5226 | Orc:2    | Bought a scroll of identify for 24 gold pieces
  5278 | Orc:2    | Found Zalucrio's Antique Weapon Shoppe.
  5278 | Orc:2    | Found Piejauk's General Store.
  5294 | Orc:2    | Bought a potion of heal wounds for 50 gold pieces
  5294 | Orc:2    | Bought a scroll of identify for 20 gold pieces
  5294 | Orc:2    | Bought a scroll of identify for 20 gold pieces
  5377 | Orc:2    | Found a roughly hewn altar of Beogh.
  5396 | Orc:2    | Reached skill level 7 in Conjurations
  5396 | Orc:2    | Reached skill level 7 in Hexes
  5396 | Orc:2    | Reached skill level 7 in Charms
  5396 | Orc:2    | Reached skill level 7 in Summonings
  5396 | Orc:2    | Reached skill level 7 in Necromancy
  5396 | Orc:2    | Reached skill level 7 in Translocations
  5396 | Orc:2    | Reached skill level 7 in Fire Magic
  5396 | Orc:2    | Reached skill level 7 in Ice Magic
  5396 | Orc:2    | Reached skill level 7 in Air Magic
  5396 | Orc:2    | Reached skill level 9 in Earth Magic
  5396 | Orc:2    | Reached skill level 7 in Poison Magic
  5430 | Orc:2    | Found Ahuam's Antique Weapon Shoppe.
  5430 | Orc:2    | Found Tegae's Gadget Boutique.
  5513 | Orc:2    | Bought a scroll of identify for 54 gold pieces
  5513 | Orc:2    | Bought a scroll of magic mapping for 94 gold pieces
  5513 | Orc:2    | Bought a scroll of identify for 54 gold pieces
  5525 | Elf:1    | Entered Level 1 of the Elven Halls
  5587 | Elf:1    | Reached skill level 10 in Spellcasting
  5609 | Elf:1    | Reached XP level 14. HP: 99/106 MP: 19/28
  5660 | Elf:1    | Noticed Roxanne
  5675 | Elf:1    | Killed Roxanne
  5684 | Elf:1    | Reached skill level 10 in Dodging
  5692 | Elf:1    | Learned a level 6 spell: Statue Form
  5794 | Elf:3    | Entered Level 3 of the Elven Halls
  5827 | Elf:2    | Reached skill level 9 in Fighting
  5827 | Elf:2    | Reached skill level 9 in Short Blades
  5827 | Elf:2    | Reached skill level 9 in Long Blades
  5827 | Elf:2    | Reached skill level 9 in Axes
  5827 | Elf:2    | Reached skill level 9 in Maces & Flails
  5827 | Elf:2    | Reached skill level 9 in Polearms
  5827 | Elf:2    | Reached skill level 9 in Staves
  5827 | Elf:2    | Reached skill level 9 in Slings
  5827 | Elf:2    | Reached skill level 9 in Bows
  5827 | Elf:2    | Reached skill level 9 in Crossbows
  5827 | Elf:2    | Reached skill level 9 in Throwing
  5827 | Elf:2    | Reached skill level 9 in Armour
  5827 | Elf:2    | Reached skill level 9 in Shields
  5827 | Elf:2    | Reached skill level 9 in Unarmed Combat
  5827 | Elf:2    | Reached skill level 9 in Evocations
  5859 | Elf:2    | Reached skill level 10 in Stealth
  5890 | Elf:2    | Noticed a deep elf annihilator
  5891 | Elf:2    | Killed a deep elf annihilator
  5891 | Elf:2    | Reached skill level 8 in Transmutations
  5891 | Elf:2    | Reached skill level 10 in Invocations
  6043 | Elf:1    | Reached skill level 8 in Conjurations
  6043 | Elf:1    | Reached skill level 8 in Hexes
  6043 | Elf:1    | Reached skill level 8 in Charms
  6043 | Elf:1    | Reached skill level 8 in Summonings
  6043 | Elf:1    | Reached skill level 8 in Necromancy
  6043 | Elf:1    | Reached skill level 8 in Translocations
  6043 | Elf:1    | Reached skill level 8 in Fire Magic
  6043 | Elf:1    | Reached skill level 8 in Ice Magic
  6043 | Elf:1    | Reached skill level 8 in Air Magic
  6043 | Elf:1    | Reached skill level 8 in Poison Magic
  6046 | Elf:1    | Reached XP level 15. HP: 114/114 MP: 29/29
  6060 | Elf:1    | Gained mutation: You have a pair of small antennae on your head. [potion of mutation]
  6060 | Elf:1    | Gained mutation: You tend to lose your temper in combat. [potion of mutation]
  6060 | Elf:1    | Gained mutation: You are surrounded by a mild repulsion field. (EV +2) [potion of mutation]
  6060 | Elf:1    | Gained mutation: Your flesh is heat resistant. (rF+) [potion of mutation]
  6107 | Elf:1    | Found Jelea's Antique Armour Boutique.
  6156 | Elf:1    | Learned a level 5 spell: Irradiate
  6229 | Elf:3    | Noticed a deep elf sorcerer
  6230 | Elf:3    | Noticed a deep elf elementalist
  6232 | Elf:3    | Killed a deep elf elementalist
  6232 | Elf:3    | Killed a deep elf sorcerer
  6251 | Elf:3    | Noticed a deep elf sorcerer
  6256 | Elf:3    | Reached skill level 11 in Spellcasting
  6256 | Elf:3    | Killed a deep elf sorcerer
  6279 | Elf:3    | Noticed a deep elf master archer
  6285 | Elf:3    | Killed a deep elf master archer
  6285 | Elf:3    | Reached skill level 10 in Earth Magic
  6286 | Elf:3    | Noticed a deep elf blademaster
  6288 | Elf:3    | Killed a deep elf blademaster
  6288 | Elf:3    | Reached skill level 10 in Fighting
  6288 | Elf:3    | Reached skill level 10 in Short Blades
  6288 | Elf:3    | Reached skill level 10 in Long Blades
  6288 | Elf:3    | Reached skill level 10 in Axes
  6288 | Elf:3    | Reached skill level 10 in Maces & Flails
  6288 | Elf:3    | Reached skill level 10 in Polearms
  6288 | Elf:3    | Reached skill level 10 in Staves
  6288 | Elf:3    | Reached skill level 10 in Slings
  6288 | Elf:3    | Reached skill level 10 in Bows
  6288 | Elf:3    | Reached skill level 10 in Crossbows
  6288 | Elf:3    | Reached skill level 10 in Throwing
  6288 | Elf:3    | Reached skill level 10 in Armour
  6288 | Elf:3    | Reached skill level 10 in Shields
  6288 | Elf:3    | Reached skill level 10 in Unarmed Combat
  6288 | Elf:3    | Reached skill level 10 in Evocations
  6291 | Elf:3    | Noticed a balrug
  6300 | Elf:3    | Noticed a deep elf elementalist
  6303 | Elf:3    | Killed a deep elf elementalist
  6311 | Elf:3    | Noticed a deep elf elementalist
  6313 | Elf:3    | Reached skill level 11 in Dodging
  6315 | Elf:3    | Killed a deep elf elementalist
  6365 | Elf:3    | Reached skill level 11 in Invocations
  6423 | Elf:3    | Noticed a deep elf sorcerer
  6431 | Elf:3    | Killed a deep elf sorcerer
  6431 | Elf:3    | Reached skill level 11 in Stealth
  6433 | Elf:3    | Noticed a deep elf elementalist
  6438 | Elf:3    | Killed a deep elf elementalist
  6438 | Elf:3    | Reached skill level 9 in Transmutations
  6456 | Elf:3    | Reached XP level 16. HP: 104/122 MP: 18/31
  6492 | Elf:3    | Noticed a deep elf blademaster
  6503 | Elf:3    | Killed a deep elf blademaster
  6580 | Elf:3    | Noticed an Executioner
  6581 | Elf:3    | Noticed an Ice Fiend
  6581 | Elf:3    | Noticed a deep elf master archer
  6587 | Elf:3    | Killed a deep elf master archer
  6588 | Elf:3    | Reached skill level 9 in Conjurations
  6588 | Elf:3    | Reached skill level 9 in Hexes
  6588 | Elf:3    | Reached skill level 9 in Charms
  6588 | Elf:3    | Reached skill level 9 in Summonings
  6588 | Elf:3    | Reached skill level 9 in Necromancy
  6588 | Elf:3    | Reached skill level 9 in Translocations
  6588 | Elf:3    | Reached skill level 9 in Fire Magic
  6588 | Elf:3    | Reached skill level 9 in Ice Magic
  6588 | Elf:3    | Reached skill level 9 in Air Magic
  6588 | Elf:3    | Reached skill level 9 in Poison Magic
  6618 | Elf:3    | Noticed a deep elf master archer
  6621 | Elf:3    | Killed a deep elf master archer
  6678 | Elf:3    | Got a twitching amethyst amulet
  6760 | Elf:3    | Got a wavering granite ring
  6761 | Elf:3    | Identified the amulet "Meoc Pohu" {Spirit *Corrode rElec rF++ Stlth+} (You took it off a deep elf annihilator on level 3 of the Elven Halls)
  6767 | Elf:3    | Identified the ring "Ziogheho" {*Corrode Str+10 Dex+4 Stlth-} (You found it on level 3 of the Elven Halls)
  6804 | Elf:3    | Identified the Catalogue of the Blaze and the Rocks
  6822 | Elf:3    | Learned a level 4 spell: Passage of Golubria
  6825 | Elf:3    | Learned a level 2 spell: Sublimation of Blood
  6944 | Lair:1   | Entered Level 1 of the Lair of Beasts
  7131 | Lair:3   | Found a labyrinth entrance.
  7140 | Lair:3   | Noticed Harold
  7156 | Lair:3   | Killed Harold
  7175 | Lab      | Entered a labyrinth
  7524 | Lair:3   | Noticed Charly's ghost (journeyman MiBe)
  7529 | Lair:3   | Killed Charly's ghost
  7645 | Lair:4   | Reached skill level 11 in Fighting
  7645 | Lair:4   | Reached skill level 11 in Short Blades
  7645 | Lair:4   | Reached skill level 11 in Long Blades
  7645 | Lair:4   | Reached skill level 11 in Axes
  7645 | Lair:4   | Reached skill level 11 in Maces & Flails
  7645 | Lair:4   | Reached skill level 11 in Polearms
  7645 | Lair:4   | Reached skill level 11 in Staves
  7645 | Lair:4   | Reached skill level 11 in Slings
  7645 | Lair:4   | Reached skill level 11 in Bows
  7645 | Lair:4   | Reached skill level 11 in Crossbows
  7645 | Lair:4   | Reached skill level 11 in Throwing
  7645 | Lair:4   | Reached skill level 11 in Armour
  7645 | Lair:4   | Reached skill level 11 in Shields
  7645 | Lair:4   | Reached skill level 11 in Unarmed Combat
  7645 | Lair:4   | Reached skill level 11 in Evocations
  7767 | Lair:5   | Reached skill level 12 in Spellcasting
  7768 | Lair:5   | Noticed Urug
  7770 | Lair:5   | Reached XP level 17. HP: 131/131 MP: 23/33
  7772 | Lair:5   | Killed Urug
  7787 | Lair:6   | Entered Level 6 of the Lair of Beasts
  7823 | Lair:6   | Reached skill level 12 in Invocations
  7852 | Lair:6   | Reached skill level 12 in Dodging
  7930 | Lair:6   | Reached skill level 11 in Earth Magic
  7972 | Lair:6   | Reached skill level 12 in Stealth
  8103 | Lair:4   | Found a hole to the Spider Nest.
  8110 | Spider:1 | Entered Level 1 of the Spider Nest
  8130 | Spider:2 | Reached skill level 10 in Transmutations
  8270 | Spider:3 | Noticed Arachne
  8279 | Spider:3 | Killed Arachne
  8303 | Spider:3 | Found a frozen archway.
  8310 | IceCv    | Entered an ice cave
  8583 | IceCv    | Noticed an Ice Fiend
  8587 | IceCv    | Killed an Ice Fiend
  8617 | IceCv    | Got a pair of faintly humming boots
  8625 | IceCv    | Identified the +0 pair of boots "Ciododur" {MR+} (You found it in an ice cave)
  8627 | IceCv    | Got a crude trident
  8628 | IceCv    | Identified the +8 trident of Pusaacro {pierce, rF+ Str+7} (You found it in an ice cave)
  8639 | IceCv    | Learned a level 6 spell: Death Channel
  8660 | Spider:3 | Reached skill level 10 in Conjurations
  8660 | Spider:3 | Reached skill level 10 in Hexes
  8660 | Spider:3 | Reached skill level 10 in Charms
  8660 | Spider:3 | Reached skill level 10 in Summonings
  8660 | Spider:3 | Reached skill level 10 in Necromancy
  8660 | Spider:3 | Reached skill level 10 in Translocations
  8660 | Spider:3 | Reached skill level 10 in Fire Magic
  8660 | Spider:3 | Reached skill level 10 in Ice Magic
  8660 | Spider:3 | Reached skill level 10 in Air Magic
  8660 | Spider:3 | Reached skill level 10 in Poison Magic
  8698 | Spider:4 | Entered Level 4 of the Spider Nest
  8716 | Spider:4 | Reached XP level 18. HP: 139/139 MP: 28/34
  8876 | Spider:4 | Got a gossamer rune of Zot
  8884 | Spider:4 | Learned a level 5 spell: Borgnjor's Vile Clutch
  9028 | Spider:3 | Reached skill level 12 in Fighting
  9028 | Spider:3 | Reached skill level 12 in Short Blades
  9028 | Spider:3 | Reached skill level 12 in Long Blades
  9028 | Spider:3 | Reached skill level 12 in Axes
  9028 | Spider:3 | Reached skill level 12 in Maces & Flails
  9028 | Spider:3 | Reached skill level 12 in Polearms
  9028 | Spider:3 | Reached skill level 12 in Staves
  9028 | Spider:3 | Reached skill level 12 in Slings
  9028 | Spider:3 | Reached skill level 12 in Bows
  9028 | Spider:3 | Reached skill level 12 in Crossbows
  9028 | Spider:3 | Reached skill level 12 in Throwing
  9028 | Spider:3 | Reached skill level 12 in Armour
  9028 | Spider:3 | Reached skill level 12 in Shields
  9028 | Spider:3 | Reached skill level 12 in Unarmed Combat
  9028 | Spider:3 | Reached skill level 12 in Evocations
  9069 | Spider:3 | Reached skill level 13 in Invocations
  9182 | Lair:2   | Found a staircase to the Shoals.
  9194 | Shoals:1 | Entered Level 1 of the Shoals
  9194 | Shoals:1 | Noticed Donald
  9196 | Shoals:1 | Killed Donald
  9238 | Shoals:1 | Got a transparent morningstar
  9441 | Shoals:2 | Reached skill level 13 in Spellcasting
  9444 | Shoals:3 | Noticed Ilsuiw
  9450 | Shoals:3 | Noticed Polyphemus
  9460 | Shoals:3 | Killed Polyphemus
  9463 | Shoals:3 | Killed Ilsuiw
  9552 | Shoals:4 | Entered Level 4 of the Shoals
  9573 | Shoals:4 | Reached skill level 13 in Dodging
  9726 | Shoals:4 | Reached XP level 19. HP: 147/147 MP: 17/36
  9769 | Shoals:4 | Reached skill level 13 in Stealth
  9916 | Shoals:4 | Got a barnacled rune of Zot
  9959 | Shoals:3 | Got a distressingly furry helmet
 10004 | Shoals:3 | Reached skill level 11 in Transmutations
 10026 | Shoals:3 | Identified the +0 helmet of Abstinence {Str+5} (You found it on level 3 of the Shoals)
 10210 | Lair:5   | Found a staircase to the Slime Pits.
 10231 | Slime:1  | Entered Level 1 of the Pits of Slime
 10238 | Slime:1  | Reached skill level 12 in Earth Magic
 10251 | Slime:1  | Gained mutation: Your magical capacity is low. (-10% MP) [a shining eye]
 10252 | Slime:1  | Gained mutation: Potions are less effective at restoring your health. [a shining eye]
 10354 | Slime:2  | Gained mutation: You do not regenerate when monsters are visible. [a shining eye]
 10399 | Slime:3  | Reached skill level 11 in Conjurations
 10399 | Slime:3  | Reached skill level 11 in Hexes
 10399 | Slime:3  | Reached skill level 11 in Charms
 10399 | Slime:3  | Reached skill level 11 in Summonings
 10399 | Slime:3  | Reached skill level 11 in Necromancy
 10399 | Slime:3  | Reached skill level 11 in Translocations
 10399 | Slime:3  | Reached skill level 11 in Fire Magic
 10399 | Slime:3  | Reached skill level 11 in Ice Magic
 10399 | Slime:3  | Reached skill level 11 in Air Magic
 10399 | Slime:3  | Reached skill level 11 in Poison Magic
 10490 | Slime:3  | Reached XP level 20. HP: 147/155 MP: 24/33
 10531 | Slime:5  | Entered Level 5 of the Pits of Slime
 10538 | Slime:5  | Reached skill level 13 in Fighting
 10538 | Slime:5  | Reached skill level 13 in Short Blades
 10538 | Slime:5  | Reached skill level 13 in Long Blades
 10538 | Slime:5  | Reached skill level 13 in Axes
 10538 | Slime:5  | Reached skill level 13 in Maces & Flails
 10538 | Slime:5  | Reached skill level 13 in Polearms
 10538 | Slime:5  | Reached skill level 13 in Staves
 10538 | Slime:5  | Reached skill level 13 in Slings
 10538 | Slime:5  | Reached skill level 13 in Bows
 10538 | Slime:5  | Reached skill level 13 in Crossbows
 10538 | Slime:5  | Reached skill level 13 in Throwing
 10538 | Slime:5  | Reached skill level 13 in Armour
 10538 | Slime:5  | Reached skill level 13 in Shields
 10538 | Slime:5  | Reached skill level 13 in Unarmed Combat
 10538 | Slime:5  | Reached skill level 14 in Invocations
 10538 | Slime:5  | Reached skill level 13 in Evocations
 10591 | Slime:5  | Noticed the Royal Jelly
 10592 | Slime:5  | Found a viscous altar of Jiyva.
 10613 | Slime:5  | Killed the Royal Jelly
 10632 | Slime:5  | Gained mutation: You occasionally shout uncontrollably at your foes. [a shining eye]
 10677 | Slime:5  | Identified the Incunabulum of Yeast
 10697 | Slime:5  | Got a slimy rune of Zot
 10700 | Slime:5  | Found the +7 sceptre of Torment
 10712 | Slime:5  | Got a clouded lead ring
 10717 | Slime:5  | Identified the ring of Araog {rElec rC+ Str-3 Stlth-} (You found it on level 5 of the Pits of Slime)
 10789 | Lair:5   | Lost mutation: Your flesh is heat resistant. (rF+) [potion of mutation]
 10789 | Lair:5   | Lost mutation: You tend to lose your temper in combat. [potion of mutation]
 10789 | Lair:5   | Gained mutation: You have sharp toenails. [potion of mutation]
 10789 | Lair:5   | Gained mutation: Your mind is acute. (Int +2) [potion of mutation]
 10789 | Lair:5   | Lost mutation: You occasionally shout uncontrollably at your foes. [potion of mutation]
 10789 | Lair:5   | Gained mutation: You are partially covered in large bone plates. (SH +4) [potion of mutation]
 10790 | Lair:5   | Lost mutation: Your mind is acute. (Int +2) [potion of mutation]
 10790 | Lair:5   | Lost mutation: You have sharp toenails. [potion of mutation]
 10790 | Lair:5   | Gained mutation: Your magical capacity is very low. (-20% MP) [potion of mutation]
 10790 | Lair:5   | Gained mutation: Your spells are a little easier to cast, but a little less powerful. [potion of mutation]
 10790 | Lair:5   | Gained mutation: You are robust. (+10% HP) [potion of mutation]
 10791 | Lair:5   | Lost mutation: You have a pair of small antennae on your head. [potion of mutation]
 10791 | Lair:5   | Lost mutation: Your spells are a little easier to cast, but a little less powerful. [potion of mutation]
 10791 | Lair:5   | Lost mutation: You are surrounded by a mild repulsion field. (EV +2) [potion of mutation]
 10791 | Lair:5   | Lost mutation: You are partially covered in large bone plates. (SH +4) [potion of mutation]
 10791 | Lair:5   | Gained mutation: You passively map a small area around you. [potion of mutation]
 10791 | Lair:5   | Gained mutation: You possess an exceptional clarity of mind. [potion of mutation]
 10791 | Lair:5   | Gained mutation: You have large cloven feet. [potion of mutation]
 11011 | D:14     | Found a white marble altar of Elyvilon.
 11042 | D:14     | Reached skill level 14 in Spellcasting
 11083 | D:14     | Found a gate to the Vaults.
 11104 | D:14     | Learned a level 8 spell: Ignition
 11106 | Vaults:1 | Entered Level 1 of the Vaults
 11250 | Vaults:1 | Noticed Asterion
 11267 | Vaults:1 | Killed Asterion
 11319 | Vaults:1 | Reached skill level 14 in Dodging
 11387 | Vaults:1 | You fall through a shaft!
 11503 | Vaults:2 | Found a ruined gateway.
 11505 | Vaults:2 | Found a glowing silver altar of Zin.
 11505 | Vaults:2 | Found a glowing golden altar of the Shining One.
 11505 | Vaults:2 | Found a white marble altar of Elyvilon.
 11511 | Vaults:2 | Reached skill level 14 in Stealth
 11518 | Desolati | Entered the Desolation of Salt
 11587 | Desolati | Identified the ring of Pamaop {rCorr rPois MR+} (You found it in the Desolation of Salt)
 11597 | Desolati | Identified the Guide on Freezing Transmutation
 11607 | Desolati | Reached XP level 21. HP: 179/179 MP: 14/31
 11673 | Desolati | Identified the ring "Teozen" {MP-9 Int+4 Dex+7} (You found it in the Desolation of Salt)
 11679 | Desolati | Identified the Incunabulum of Boosting Transformation
 11681 | Desolati | Identified the ring "Rozemounne" {rPois MP+9 EV+6} (You found it in the Desolation of Salt)
 11736 | Desolati | Reached skill level 12 in Transmutations
 11958 | Vaults:3 | Noticed Potsanchik's ghost (adept NaBe)
 11970 | Vaults:3 | Killed Potsanchik's ghost
 12002 | Vaults:3 | Reached skill level 15 in Invocations
 12042 | Vaults:3 | Reached skill level 12 in Conjurations
 12042 | Vaults:3 | Reached skill level 12 in Hexes
 12042 | Vaults:3 | Reached skill level 12 in Charms
 12042 | Vaults:3 | Reached skill level 12 in Summonings
 12042 | Vaults:3 | Reached skill level 12 in Necromancy
 12042 | Vaults:3 | Reached skill level 12 in Translocations
 12042 | Vaults:3 | Reached skill level 12 in Fire Magic
 12042 | Vaults:3 | Reached skill level 12 in Ice Magic
 12042 | Vaults:3 | Reached skill level 12 in Air Magic
 12042 | Vaults:3 | Reached skill level 13 in Earth Magic
 12042 | Vaults:3 | Reached skill level 12 in Poison Magic
 12138 | Vaults:4 | Reached skill level 14 in Fighting
 12138 | Vaults:4 | Reached skill level 14 in Short Blades
 12138 | Vaults:4 | Reached skill level 14 in Long Blades
 12138 | Vaults:4 | Reached skill level 14 in Axes
 12138 | Vaults:4 | Reached skill level 14 in Maces & Flails
 12138 | Vaults:4 | Reached skill level 14 in Polearms
 12138 | Vaults:4 | Reached skill level 14 in Staves
 12138 | Vaults:4 | Reached skill level 14 in Slings
 12138 | Vaults:4 | Reached skill level 14 in Bows
 12138 | Vaults:4 | Reached skill level 14 in Crossbows
 12138 | Vaults:4 | Reached skill level 14 in Throwing
 12138 | Vaults:4 | Reached skill level 14 in Armour
 12138 | Vaults:4 | Reached skill level 14 in Shields
 12138 | Vaults:4 | Reached skill level 14 in Unarmed Combat
 12138 | Vaults:4 | Reached skill level 14 in Evocations
 12154 | Vaults:4 | Reached XP level 22. HP: 189/189 MP: 13/32
 12239 | Vaults:3 | Found a gateway to a bazaar.
 12259 | Bazaar   | Entered a bazaar
 12260 | Bazaar   | Found Hiutusix's Food Emporium.
 12262 | Bazaar   | Found Ydwi's Weapon Shop.
 12270 | Bazaar   | Bought 2 throwing nets for 54 gold pieces
 12284 | Bazaar   | Found Raxenish's Jewellery Shoppe.
 12294 | Bazaar   | Found Gaetz's Book Boutique.
 12506 | Vaults:5 | Entered Level 5 of the Vaults
 12508 | Vaults:5 | Noticed tidbits's ghost (adept GnSu)
 12508 | Vaults:5 | Reached skill level 15 in Spellcasting
 12515 | Vaults:5 | Reached skill level 15 in Dodging
 12521 | Vaults:5 | Noticed a golden dragon
 12602 | Vaults:5 | Reached skill level 15 in Stealth
 12605 | Vaults:5 | Noticed a golden dragon
 12608 | Vaults:5 | Killed a golden dragon
 12620 | Vaults:5 | Killed a golden dragon
 12816 | Vaults:5 | Reached XP level 23. HP: 196/196 MP: 31/33
 12844 | Vaults:5 | Noticed a golden dragon
 12850 | Vaults:5 | Killed a golden dragon
 12851 | Vaults:5 | Noticed an ancient lich
 12856 | Vaults:5 | Noticed an ancient lich
 12861 | Vaults:5 | Killed an ancient lich
 12861 | Vaults:5 | Reached skill level 16 in Invocations
 12865 | Vaults:5 | Noticed an ancient lich
 12867 | Vaults:5 | Killed an ancient lich
 12867 | Vaults:5 | Reached skill level 13 in Transmutations
 12871 | Vaults:5 | Noticed an ancient lich
 12871 | Vaults:5 | Killed an ancient lich
 12873 | Vaults:5 | Noticed Tungsten's ghost (veteran CeHu)
 12876 | Vaults:5 | Reached skill level 15 in Fighting
 12876 | Vaults:5 | Reached skill level 15 in Short Blades
 12876 | Vaults:5 | Reached skill level 15 in Long Blades
 12876 | Vaults:5 | Reached skill level 15 in Axes
 12876 | Vaults:5 | Reached skill level 15 in Maces & Flails
 12876 | Vaults:5 | Reached skill level 15 in Polearms
 12876 | Vaults:5 | Reached skill level 15 in Staves
 12876 | Vaults:5 | Reached skill level 15 in Slings
 12876 | Vaults:5 | Reached skill level 15 in Bows
 12876 | Vaults:5 | Reached skill level 15 in Crossbows
 12876 | Vaults:5 | Reached skill level 15 in Throwing
 12876 | Vaults:5 | Reached skill level 15 in Armour
 12876 | Vaults:5 | Reached skill level 15 in Shields
 12876 | Vaults:5 | Reached skill level 15 in Unarmed Combat
 12876 | Vaults:5 | Reached skill level 15 in Evocations
 12880 | Vaults:5 | Killed an ancient lich
 12880 | Vaults:5 | Killed tidbits's ghost
 12935 | Vaults:4 | Reached skill level 13 in Conjurations
 12935 | Vaults:4 | Reached skill level 13 in Hexes
 12935 | Vaults:4 | Reached skill level 13 in Charms
 12935 | Vaults:4 | Reached skill level 13 in Summonings
 12935 | Vaults:4 | Reached skill level 13 in Necromancy
 12935 | Vaults:4 | Reached skill level 13 in Translocations
 12935 | Vaults:4 | Reached skill level 13 in Fire Magic
 12935 | Vaults:4 | Reached skill level 13 in Ice Magic
 12935 | Vaults:4 | Reached skill level 13 in Air Magic
 12935 | Vaults:4 | Reached skill level 13 in Poison Magic
 13042 | Vaults:5 | Found Gutwej's Book Shop.
 13054 | Vaults:5 | Bought a book of Battle for 720 gold pieces
 13054 | Vaults:5 | Bought the Collected Works on Ensnaring Translocation for 1895 gold pieces
 13058 | Vaults:5 | Learned a level 3 spell: Regeneration
 13075 | Vaults:5 | Identified Borauwatzi's Almanac of Intoxication and the Blaze
 13080 | Vaults:5 | Identified the Collected Works on Poisonous Snow
 13093 | Vaults:5 | Got a silver rune of Zot
 13106 | Vaults:5 | Identified the Papyrus of the Traveller and Enchantment
 13118 | Vaults:5 | Identified Sif Muna's Compendium of Mutagenic Dislocation
 13258 | Vaults:5 | Killed Tungsten's ghost
 13354 | Vaults:3 | Reached skill level 14 in Earth Magic
 13368 | Vaults:3 | Reached XP level 24. HP: 207/207 MP: 34/34
 13474 | Vaults:3 | Found a staircase to the Crypt.
 13519 | Vaults:3 | Learned a level 8 spell: Controlled Blink
 13526 | Vaults:3 | Learned a level 4 spell: Animate Dead
 13527 | Crypt:1  | Entered Level 1 of the Crypt
 13550 | Crypt:1  | Noticed Sojobo
 13567 | Crypt:1  | Killed Sojobo
 13644 | Crypt:1  | Reached skill level 16 in Spellcasting
 13869 | Crypt:3  | Entered Level 3 of the Crypt
 13869 | Crypt:3  | Noticed Boris
 13900 | Crypt:3  | Killed Boris
 13900 | Crypt:3  | Reached skill level 16 in Dodging
 14111 | Crypt:3  | Reached skill level 16 in Stealth
 14146 | Crypt:3  | Found a staircase to the Tomb.
 14146 | Crypt:3  | Noticed Saint Roka
 14148 | Crypt:3  | Paralysed by a sphinx for 3 turns
 14153 | Crypt:3  | Killed Saint Roka
 14226 | Tomb:1   | Entered Level 1 of the Tomb of the Ancients
 14271 | Tomb:1   | Noticed tidbits's ghost (veteran GnEE)
 14287 | Tomb:1   | Killed tidbits's ghost
 14331 | Tomb:1   | Noticed a greater mummy
 14334 | Tomb:1   | Killed a greater mummy
 14335 | Tomb:1   | Noticed a greater mummy
 14388 | Tomb:1   | HP: 18/271 [greater mummy/divine providence (16)]
 14395 | Tomb:1   | HP: 24/271 [greater mummy/divine providence (9)]
 14401 | Tomb:1   | Killed a greater mummy
 14401 | Tomb:1   | Reached skill level 17 in Invocations
 14597 | Tomb:2   | Reached XP level 25. HP: 216/216 MP: 34/34
 14633 | Tomb:3   | Entered Level 3 of the Tomb of the Ancients
 14645 | Tomb:3   | Noticed a greater mummy
 14645 | Tomb:3   | Noticed a greater mummy
 14646 | Tomb:3   | Noticed a greater mummy
 14647 | Tomb:3   | Noticed a greater mummy
 14647 | Tomb:3   | Noticed a greater mummy
 14649 | Tomb:3   | HP: 19/280 [bennu (12)]
 14716 | Tomb:3   | Noticed an ancient lich
 14770 | Tomb:3   | Noticed a greater mummy
 14777 | Tomb:3   | Noticed a greater mummy
 14778 | Tomb:3   | Killed a greater mummy
 14779 | Tomb:3   | Killed a greater mummy
 14779 | Tomb:3   | Reached skill level 16 in Fighting
 14779 | Tomb:3   | Reached skill level 16 in Short Blades
 14779 | Tomb:3   | Reached skill level 16 in Long Blades
 14779 | Tomb:3   | Reached skill level 16 in Axes
 14779 | Tomb:3   | Reached skill level 16 in Maces & Flails
 14779 | Tomb:3   | Reached skill level 16 in Polearms
 14779 | Tomb:3   | Reached skill level 16 in Staves
 14779 | Tomb:3   | Reached skill level 16 in Slings
 14779 | Tomb:3   | Reached skill level 16 in Bows
 14779 | Tomb:3   | Reached skill level 16 in Crossbows
 14779 | Tomb:3   | Reached skill level 16 in Throwing
 14779 | Tomb:3   | Reached skill level 16 in Armour
 14779 | Tomb:3   | Reached skill level 16 in Shields
 14779 | Tomb:3   | Reached skill level 16 in Unarmed Combat
 14779 | Tomb:3   | Reached skill level 16 in Evocations
 14782 | Tomb:2   | Killed a greater mummy
 14839 | Tomb:3   | Noticed an ancient lich
 14840 | Tomb:3   | Cast into level 5 of the Abyss (an ancient lich)
 14840 | Abyss:5  | Entered Level 5 of the Abyss
 14955 | Abyss:5  | Reached skill level 14 in Transmutations
 14963 | Abyss:5  | Lost mutation: You possess an exceptional clarity of mind. [a cacodemon]
 15020 | Tomb:3   | Escaped the Abyss
 15029 | Tomb:2   | Killed an ancient lich
 15029 | Tomb:2   | Killed a greater mummy
 15031 | Tomb:2   | Killed a greater mummy
 15104 | Tomb:3   | Killed a greater mummy
 15104 | Tomb:3   | Reached skill level 14 in Conjurations
 15104 | Tomb:3   | Reached skill level 14 in Hexes
 15104 | Tomb:3   | Reached skill level 14 in Charms
 15104 | Tomb:3   | Reached skill level 14 in Summonings
 15104 | Tomb:3   | Reached skill level 14 in Necromancy
 15104 | Tomb:3   | Reached skill level 14 in Translocations
 15104 | Tomb:3   | Reached skill level 14 in Fire Magic
 15104 | Tomb:3   | Reached skill level 14 in Ice Magic
 15104 | Tomb:3   | Reached skill level 14 in Air Magic
 15104 | Tomb:3   | Reached skill level 14 in Poison Magic
 15104 | Tomb:3   | Killed a greater mummy
 15107 | Tomb:3   | Killed an ancient lich
 15124 | Tomb:3   | Found the amulet of the Four Winds {rN+ MR+++ Clar}
 15126 | Tomb:3   | Found the +10 dark maul {crush}
 15130 | Tomb:3   | Identified Tager's Volume of Glacial Good Luck
 15158 | Tomb:3   | Identified the ring of Gikoth {rC+ MR+ Str-5 Dex+4 Stlth-} (You found it on level 3 of the Tomb of the Ancients)
 15210 | Tomb:3   | Got a golden rune of Zot
 15223 | Tomb:3   | Learned a level 4 spell: Summon Lightning Spire
 15225 | Zig:1    | Entered Level 1 of a ziggurat
 15240 | Zig:2    | Entered Level 2 of a ziggurat
 15256 | Zig:2    | Identified Plog's Disquisition on Envenoming and the Arsonist
 15262 | Zig:3    | Entered Level 3 of a ziggurat
 15264 | Zig:3    | Noticed Ituolu the pandemonium lord
 15269 | Zig:3    | Killed Ituolu the pandemonium lord
 15285 | Zig:4    | Entered Level 4 of a ziggurat
 15305 | Zig:5    | Entered Level 5 of a ziggurat
 15309 | Zig:5    | Reached XP level 26. HP: 226/226 MP: 31/35
 15316 | Zig:5    | Lost mutation: You passively map a small area around you. [potion of mutation]
 15316 | Zig:5    | Lost mutation: You have large cloven feet. [potion of mutation]
 15316 | Zig:5    | Lost mutation: Your magical capacity is very low. (-20% MP) [potion of mutation]
 15316 | Zig:5    | Gained mutation: You evolve. [potion of mutation]
 15316 | Zig:5    | Gained mutation: You are partially covered in yellow scales. (AC +2) [potion of mutation]
 15316 | Zig:5    | Gained mutation: Your muscles are strong. (Str +2) [potion of mutation]
 15323 | Zig:6    | Entered Level 6 of a ziggurat
 15329 | Zig:6    | Reached skill level 17 in Spellcasting
 15353 | Zig:7    | Entered Level 7 of a ziggurat
 15354 | Zig:7    | Noticed a juggernaut
 15361 | Zig:7    | Reached skill level 15 in Earth Magic
 15362 | Zig:7    | Killed a juggernaut
 15366 | Zig:7    | Identified the ring "Vamelid" {Wiz rPois} (You found it on level 7 of a ziggurat)
 15395 | Zig:8    | Entered Level 8 of a ziggurat
 15400 | Zig:8    | Noticed an orb of fire
 15412 | Zig:8    | Killed an orb of fire
 15412 | Zig:8    | Reached skill level 17 in Dodging
 15452 | Zig:9    | Entered Level 9 of a ziggurat
 15462 | Zig:9    | Paralysed by an orc sorcerer for 4 turns
 15485 | Zig:9    | Identified the amulet "Buggo" {Harm *Drain Dex+3} (You found it on level 9 of a ziggurat)
 15499 | Zig:10   | Entered Level 10 of a ziggurat
 15508 | Zig:10   | Reached skill level 17 in Stealth
 15577 | Zig:11   | Entered Level 11 of a ziggurat
 15589 | Zig:11   | Reached skill level 18 in Invocations
 15599 | Zig:11   | Lost mutation: Your magical capacity is low. (-10% MP) [potion of mutation]
 15599 | Zig:11   | Lost mutation: You evolve. [potion of mutation]
 15599 | Zig:11   | Lost mutation: You are partially covered in yellow scales. (AC +2) [potion of mutation]
 15599 | Zig:11   | Lost mutation: You are robust. (+10% HP) [potion of mutation]
 15599 | Zig:11   | Gained mutation: Potions are poor at restoring your health. [potion of mutation]
 15599 | Zig:11   | Gained mutation: You occasionally shout uncontrollably at your foes. [potion of mutation]
 15599 | Zig:11   | Gained mutation: You can translocate small distances at will. [potion of mutation]
 15605 | Zig:12   | Entered Level 12 of a ziggurat
 15626 | Zig:12   | Identified the amulet of the Many Ships {Harm *Drain rC+ Int+3} (You found it on level 12 of a ziggurat)
 15633 | Zig:12   | Got a crude hat
 15644 | Zig:12   | Identified the +2 hat of Wariness {Int+5 Dex+2} (You found it on level 12 of a ziggurat)
 15652 | Zig:13   | Entered Level 13 of a ziggurat
 15658 | Zig:13   | Noticed a juggernaut
 15659 | Zig:13   | Noticed a juggernaut
 15660 | Zig:13   | Reached skill level 15 in Transmutations
 15663 | Zig:13   | Killed a juggernaut
 15663 | Zig:13   | Killed a juggernaut
 15703 | Zig:13   | Got a glittering lapis lazuli ring
 15710 | Zig:13   | Got a steaming copper ring
 15733 | Zig:14   | Entered Level 14 of a ziggurat
 15742 | Zig:14   | Noticed a juggernaut
 15742 | Zig:14   | Noticed a juggernaut
 15745 | Zig:14   | Killed a juggernaut
 15745 | Zig:14   | Reached skill level 17 in Maces & Flails
 15746 | Zig:14   | Reached skill level 17 in Fighting
 15746 | Zig:14   | Reached skill level 17 in Short Blades
 15746 | Zig:14   | Reached skill level 17 in Long Blades
 15746 | Zig:14   | Reached skill level 17 in Axes
 15746 | Zig:14   | Reached skill level 17 in Polearms
 15746 | Zig:14   | Reached skill level 17 in Staves
 15746 | Zig:14   | Reached skill level 17 in Slings
 15746 | Zig:14   | Reached skill level 17 in Bows
 15746 | Zig:14   | Reached skill level 17 in Crossbows
 15746 | Zig:14   | Reached skill level 17 in Throwing
 15746 | Zig:14   | Reached skill level 17 in Armour
 15746 | Zig:14   | Reached skill level 17 in Shields
 15746 | Zig:14   | Reached skill level 17 in Unarmed Combat
 15746 | Zig:14   | Reached skill level 17 in Evocations
 15746 | Zig:14   | Reached XP level 27. HP: 178/214 MP: 13/44
 15751 | Zig:14   | Killed a juggernaut
 15764 | Zig:14   | Lost mutation: You occasionally shout uncontrollably at your foes. [potion of mutation]
 15764 | Zig:14   | Lost mutation: You can translocate small distances at will. [potion of mutation]
 15764 | Zig:14   | Gained mutation: You are partially covered in molten scales. (AC +2) [potion of mutation]
 15773 | Zig:14   | Identified the ring "Wyricuplo" {rF- rN+ MR+ Str+4 Int-2} (You found it on level 13 of a ziggurat)
 15775 | Zig:14   | Identified the ring "Epoyfis" {Int+7 SInv} (You found it on level 13 of a ziggurat)
 15805 | Zig:15   | Entered Level 15 of a ziggurat
 15820 | Zig:15   | HP: 23/278 [profane servitor/demon whip of flaming (7)]
 15823 | Zig:15   | HP: 9/278 [revenant/ghostly fireball (11)]
 15829 | Zig:15   | HP: 6/279 [profane servitor/demon whip of flaming (12)]
 15830 | Zig:15   | Gained mutation: You occasionally shout uncontrollably at your foes. [mutagenic glow]
 15832 | Zig:15   | Mangled by a profane servitor

Vault maps used:
D:1:      dpeg_arrival_arbitrary_a, serial_park_tiny_pond,
          minmay_misc_feat_pillars, minmay_tromino_v4_a
D:2:      yredelemnul_altar_generic, first_ration
D:3:      hangedman_ru_absence, grunt_ministairs_1, bh_walls_and_bars
D:4:      lemuel_crystal_altar, old_standard_altar, uniq_ijyb
D:5:      nicolae_tso_swordbearing_angel, gup_sewer_entry_pipe,
          uniq_blork_the_orc
D:6:      cheibrodos_quashed, lemuel_coloured_pillars_altar
D:7:      old_standard_altar, lemuel_round_altar,
          minmay_temple_entry_butterflies, serial_shops, shop, uniq_joseph,
          uniq_duvessa
D:8:      slow_altar_1, kiku_gazebo_garden_becter
D:10:     uniq_nergalle
D:11:     erik_lair_orcish_takeover, hiddenorc2_lemuel
D:13:     grunt_tengu_nest, uniq_sonja
D:14:     grunt_vaults_entry_fortified, serial_shops, shop,
          minmay_misc_feat_more_columns, minmay_ruined_shrine
D:15:     gammafunk_enter_depths_forms, chequers_big_river
Temple:   nicolae_temple_hex_pool
Lair:1:   grunt_megastairs_5
Lair:2:   minmay_shoals_entry_hut, fungi_pond_lemuel
Lair:3:   beast_lair_carwin_large_4, lab_entry_generic, hibernation_bobbens,
          uniq_harold
Lair:4:   nicolae_spider_entry_tight_spaces, lookout_lair_type, st_stairs_3
Lair:5:   minmay_slime_entry_pillars, uniq_urug
Lair:6:   minmay_lair_end_frog_pond, serial_bayou_shore_b
Shoals:1: lightli_airlock, uniq_donald
Shoals:3: hangedman_shoals_cup_caves, uniq_ilsuiw, uniq_polyphemus
Shoals:4: shoals_end_grunt_ice, shoals_ilsuiw_alternative
Spider:2: spider_trap
Spider:3: portal_ice_cave_entry_dragon, uniq_arachne
Spider:4: guppyfry_spider_rune
Slime:3:  basic_altar, special_room
Orc:1:    basic_altar, nicolae_orc_rockfall, uniq_gastronok, uniq_maurice,
          uniq_josephine
Orc:2:    st_orc_town, serial_shops, nicolae_shop_crystal, shop, shop
Elf:1:    minmay_elf_arrival_circle, serial_shops,
          nicolae_shop_overgrown_old_shop, hangedman_corner_corridor,
          uniq_roxanne, uniq_aizul
Elf:2:    kilobyte_rumbling_trees
Elf:3:    minmay_elf_hall_four_x, basic_altar, item_on_display_a
Vaults:1: vaults_room_corners, ontoclasm_vaults_spin, v_misc_16,
          v_alt_pattern_5, nicolae_vaults_little_squares_6, v_alt_pattern_6,
          st_cells, hangedman_vaults_restitches, ontoclasm_vaults_fault,
          vaults_dpeg_encased_lava, v_misc_33, serial_ice_m,
          grunt_vaults_hallway_short, uniq_asterion
Vaults:2: v_pattern_1, vaults_room_corners, v_misc_23, v_misc_22,
          grunt_vaults_twisty, hangedman_vaults_locks,
          nicolae_vaults_three_branches, v_rooms_1, grunt_vaults_hallway_long,
          nicolae_vaults_little_squares_2, vaults_dpeg_spiral,
          nicolae_vaults_asterisk, vaults_room_pools, vaults_room_hallway,
          portal_desolation_entry_holy_temple
Vaults:3: st_eye, vaults_mumra_hexcomb, minmay_crypt_entry_nasty_monster,
          nicolae_vaults_border_crossing, v_misc_24,
          nicolae_vaults_bisected_inception, v_alt_pattern_2,
          ontoclasm_vaults_tryst, nicolae_vaults_specimen_jars,
          nicolae_vaults_angled_halls, ontoclasm_vaults_decontamination,
          v_alt_pattern_2, ontoclasm_vaults_ring_square,
          nicolae_vaults_gold_heap, vaults_room_pool, serial_shops, statue_bzr,
          uniq_mara
Vaults:4: nicolae_vaults_twisting_passages, ontoclasm_vaults_idyll, v_misc_33,
          vaults_mumra_lcd, nicolae_vaults_meeting, vaults_room_pool,
          nicolae_vaults_little_squares_2, v_misc_24,
          nicolae_vaults_mini_display_case, nicolae_vaults_asterisk,
          hangedman_vaults_stretched_pinwheel, uniq_jory
Crypt:1:  grunt_megastairs_2, uniq_sojobo
Crypt:2:  minmay_shadows, grunt_megastairs_4
Crypt:3:  quadcrypt_mu, uniq_saint_roka, uniq_frederick, uniq_boris
Abyss:5:  evilmike_abyss_exit_4, minivault_22, hangedman_abyss_rune_macabre_mess
Zig:5:    ziggurat_pillar_centre_dead_trees
Zig:14:   ziggurat_pillar_centre_oklobs
Zig:15:   ziggurat_pillar_centre_c
Lab:      nicolae_lab_swirl, nicolae_lab_blocks, nicolae_lab_checkerboard,
          nicolae_lab_garden, nicolae_lab_diamond, nicolae_lab_x,
          nicolae_lab_arrow
Bazaar:   bazaar_jpeg_ribbon
Sewer:    sewer_fruit_machine
IceCv:    ice_cave_caverns_01

Skill      XL: |  1  2  3  4  5  6  7  8  9 10 11 12 13 14 15 16 17 18 19 20 21 22 23 24 25 26 |
---------------+-------------------------------------------------------------------------------+-----
Transmutations | 2 3 4 5 6 7 8 9 10 11 12 13 14 15 | 15.6
Spellcasting   | 5 6 7 8 9 10 11 12 13 14 15 16 17 | 17.7
Invocations    | 1 2 3 4 5 6 7 8 9 10 11 12 13 14 15 16 17 18 | 18.5
Fighting       | 1 2 3 4 5 6 7 8 9 10 11 12 13 14 15 16 17 | 17.2
Short Blades   | 1 2 3 4 5 6 7 8 9 10 11 12 13 14 15 16 17 | 17.2
Long Blades    | 1 2 3 4 5 6 7 8 9 10 11 12 13 14 15 16 17 | 17.2
Axes           | 1 2 3 4 5 6 7 8 9 10 11 12 13 14 15 16 17 | 17.2
Maces & Flails | 1 2 3 4 5 6 7 8 9 10 11 12 13 14 15 16 17 | 17.2
Polearms       | 1 2 3 4 5 6 7 8 9 10 11 12 13 14 15 16 17 | 17.2
Staves         | 1 2 3 4 5 6 7 8 9 10 11 12 13 14 15 16 17 | 17.2
Slings         | 1 2 3 4 5 6 7 8 9 10 11 12 13 14 15 16 17 | 17.2
Bows           | 1 2 3 4 5 6 7 8 9 10 11 12 13 14 15 16 17 | 17.2
Crossbows      | 1 2 3 4 5 6 7 8 9 10 11 12 13 14 15 16 17 | 17.2
Throwing       | 1 2 3 4 5 6 7 8 9 10 11 12 13 14 15 16 17 | 17.2
Armour         | 1 2 3 4 5 6 7 8 9 10 11 12 13 14 15 16 17 | 17.2
Shields        | 1 2 3 4 5 6 7 8 9 10 11 12 13 14 15 16 17 | 17.2
Unarmed Combat | 1 2 3 4 5 6 7 8 9 10 11 12 13 14 15 16 17 | 17.2
Evocations     | 1 2 3 4 5 6 7 8 9 10 11 12 13 14 15 16 17 | 17.2
Conjurations   | 1 2 3 4 5 6 7 8 9 10 11 12 13 14 | 14.8
Hexes          | 1 2 3 4 5 6 7 8 9 10 11 12 13 14 | 14.8
Charms         | 1 2 3 4 5 6 7 8 9 10 11 12 13 14 | 14.8
Summonings     | 1 2 3 4 5 6 7 8 9 10 11 12 13 14 | 14.8
Necromancy     | 1 2 3 4 5 6 7 8 9 10 11 12 13 14 | 14.8
Translocations | 1 2 3 4 5 6 7 8 9 10 11 12 13 14 | 14.8
Fire Magic     | 1 2 3 4 5 6 7 8 9 10 11 12 13 14 | 14.8
Ice Magic      | 1 2 3 4 5 6 7 8 9 10 11 12 13 14 | 14.8
Air Magic      | 1 2 3 4 5 6 7 8 9 10 11 12 13 14 | 14.8
Poison Magic   | 1 2 3 4 5 6 7 8 9 10 11 12 13 14 | 14.8
Dodging        | 5 6 7 8 9 10 11 12 13 14 15 16 17 | 17.6
Stealth        | 5 6 7 8 9 10 11 12 13 14 15 16 17 | 17.6
Earth Magic    | 6 7 8 9 10 11 12 13 14 15 | 15.6

Action                   |  1- 3 |  4- 6 |  7- 9 | 10-12 | 13-15 | 16-18 | 19-21 | 22-24 | 25-27 || total
-------------------------+-------+-------+-------+-------+-------+-------+-------+-------+-------++-------
Melee: Dagger            |       |     9 |     1 |    42 |    22 |    16 |    27 |       |       ||   117
       Falchion          |       |     6 |       |       |       |       |       |       |       ||     6
       Bite              |       |     1 |     1 |    35 |    54 |   103 |    81 |    86 |    25 ||   386
       Short sword       |       |       |    27 |       |       |       |       |       |       ||    27
       Rapier            |       |       |     2 |    80 |       |       |       |       |       ||    82
       Scimitar          |       |       |       |    60 |   189 |       |       |       |       ||   249
       Unarmed           |       |       |       |       |    47 |   550 |   358 |   475 |   153 ||  1583
       Kick              |       |       |       |       |       |       |   120 |   242 |    45 ||   407
 Fire: Hunting sling     |       |       |    37 |    14 |       |       |       |       |       ||    51
       Blowgun           |       |       |       |       |       |     3 |       |       |       ||     3
Throw: Stone             |       |     1 |     1 |       |       |       |       |       |       ||     2
       Tomahawk          |       |       |     6 |    12 |     5 |     2 |     1 |       |       ||    26
       Throwing net      |       |       |       |       |       |       |       |     2 |     2 ||     4
 Cast: Sandblast         |    28 |    92 |   116 |    50 |   100 |    24 |     8 |       |       ||   418
       Passwall          |     1 |     6 |     9 |    12 |    19 |    49 |    23 |       |       ||   119
       Mephitic Cloud    |       |       |    11 |    16 |    13 |     1 |       |       |       ||    41
       Conjure Flame     |       |       |     3 |    10 |    11 |     2 |       |       |       ||    26
       Lee's Rapid Decon |       |       |       |    18 |    93 |    41 |    31 |    23 |     8 ||   214
       Apportation       |       |       |       |    48 |    61 |   160 |   118 |    39 |    56 ||   482
       Petrify           |       |       |       |    29 |    14 |       |       |       |       ||    43
       Stone Arrow       |       |       |       |     9 |     9 |     4 |       |       |       ||    22
       Blink             |       |       |       |     4 |     4 |    11 |    11 |    30 |    38 ||    98
       Ozocubu's Armour  |       |       |       |       |     2 |       |       |       |       ||     2
       Statue Form       |       |       |       |       |    16 |    55 |    42 |    39 |    21 ||   173
       Irradiate         |       |       |       |       |     1 |    28 |    42 |    29 |    15 ||   115
       Passage of Golubr |       |       |       |       |       |   132 |    78 |    46 |     5 ||   261
       Death Channel     |       |       |       |       |       |    14 |    13 |     4 |       ||    31
       Borgnjor's Vile C |       |       |       |       |       |     7 |    45 |    22 |     2 ||    76
       Ignition          |       |       |       |       |       |       |     4 |    20 |    31 ||    55
       Regeneration      |       |       |       |       |       |       |       |    18 |    35 ||    53
       Controlled Blink  |       |       |       |       |       |       |       |     2 |    10 ||    12
       Sublimation of Bl |       |       |       |       |       |       |       |     2 |       ||     2
       Animate Dead      |       |       |       |       |       |       |       |     1 |     3 ||     4
Invok: Bend Time         |       |       |       |     6 |       |       |       |       |       ||     6
       Temporal Distorti |       |       |       |     1 |       |       |       |       |       ||     1
       Slouch            |       |       |       |       |     4 |     6 |    10 |     9 |     4 ||    33
 Abil: End Transformatio |       |       |       |       |     3 |     4 |    12 |    12 |     9 ||    40
Evoke: Wand              |       |       |     2 |    10 |    21 |    36 |    19 |    19 |    24 ||   131
       Sack of spiders   |       |       |       |       |       |     3 |       |       |       ||     3
       Lightning rod     |       |       |       |       |       |     1 |       |       |       ||     1
       Figurine of a zig |       |       |       |       |       |       |       |       |     1 ||     1
       Box of beasts     |       |       |       |       |       |       |       |       |     1 ||     1
       Lamp of fire      |       |       |       |       |       |       |       |       |     1 ||     1
  Use: Potion            |       |     3 |       |       |     4 |     3 |    12 |    11 |     8 ||    41
       Scroll            |       |       |     5 |    17 |    18 |    16 |    17 |    19 |    16 ||   108
 Stab: Sleeping          |       |     7 |     2 |    12 |     4 |    17 |    13 |     4 |     1 ||    60
       Confused          |       |       |     1 |     5 |       |       |       |       |       ||     6
       Petrified         |       |       |       |    25 |     5 |       |       |       |       ||    30
       Petrifying        |       |       |       |     6 |     2 |       |       |       |       ||     8
       Distracted        |       |       |       |     1 |     1 |    11 |     4 |     2 |     3 ||    22
       Paralysed         |       |       |       |     2 |     2 |     2 |     2 |       |       ||     8
       Invisible         |       |       |       |       |       |     8 |     1 |     4 |       ||    13
       Held in net/web   |       |       |       |       |       |       |       |     2 |     1 ||     3
  Eat: Chunk             |       |     1 |     4 |     4 |     5 |     2 |     3 |     1 |       ||    20
       Ration            |       |       |       |     1 |     2 |     4 |     2 |     4 |     7 ||    20
Armor: Robe              |     1 |     8 |    11 |    25 |       |       |       |       |       ||    45
       Troll leather arm |       |       |       |    21 |    23 |     9 |     1 |       |       ||    54
       Skin              |       |       |       |       |    59 |   261 |   205 |   172 |   178 ||   875
Dodge: Dodged            |     2 |    32 |    57 |   130 |   217 |  1043 |   765 |   810 |   699 ||  3755
Block: Buckler           |       |       |    13 |    57 |    37 |       |       |       |       ||   107
       Shield            |       |       |       |       |   143 |   811 |   663 |   647 |   458 ||  2722
       Rpst.: Falchion   |       |     3 |     2 |       |       |       |       |       |       ||     5
       Scimitar          |       |       |       |    12 |    39 |       |       |       |       ||    51

Table legend:
 A = Spawn XP
 B = Non-spawn XP
 C = Spawn XP percentage of total XP
 D = Spawn monster count
 E = Non-spawn monster count
 F = Spawn count percentage of total count
 G = Total turns spent on level
                    A         B        C        D         E        F      G
               +---------+---------+-------+---------+---------+-------+---------
         Total |   12271 | 1295551 |   0.9 |      18 |    2196 |   0.8 | 15832
               +---------+---------+-------+---------+---------+-------+---------
           D:1 |       0 |       9 |   0.0 |       0 |       5 |   0.0 |    98
           D:2 |       0 |      47 |   0.0 |       0 |       8 |   0.0 |   192
           D:3 |       0 |      65 |   0.0 |       0 |      20 |   0.0 |   255
           D:4 |       0 |     286 |   0.0 |       0 |      12 |   0.0 |   290
           D:5 |       0 |     260 |   0.0 |       0 |      15 |   0.0 |   366
           D:6 |       0 |     590 |   0.0 |       0 |      24 |   0.0 |   462
           D:7 |       0 |    1764 |   0.0 |       0 |      21 |   0.0 |   419
           D:8 |       0 |     391 |   0.0 |       0 |      13 |   0.0 |   231
           D:9 |       0 |    3312 |   0.0 |       0 |      47 |   0.0 |   475
          D:10 |       0 |    4092 |   0.0 |       0 |      17 |   0.0 |   327
          D:11 |       0 |    3384 |   0.0 |       0 |      47 |   0.0 |   500
          D:12 |       0 |    6513 |   0.0 |       0 |      30 |   0.0 |   380
          D:13 |       0 |    9668 |   0.0 |       0 |      36 |   0.0 |   443
          D:14 |       0 |   18353 |   0.0 |       0 |      41 |   0.0 |   330
          D:15 |       0 |    1335 |   0.0 |       0 |       6 |   0.0 |    46
        Lair:1 |       0 |    2214 |   0.0 |       0 |       9 |   0.0 |   164
        Lair:2 |       0 |    1931 |   0.0 |       0 |       8 |   0.0 |   152
        Lair:3 |       0 |    6776 |   0.0 |       0 |      21 |   0.0 |   228
        Lair:4 |       0 |    8951 |   0.0 |       0 |      33 |   0.0 |   251
        Lair:5 |       0 |    5711 |   0.0 |       0 |      16 |   0.0 |   222
        Lair:6 |       0 |   25033 |   0.0 |       0 |      83 |   0.0 |   232
      Shoals:1 |       0 |    8546 |   0.0 |       0 |      13 |   0.0 |   123
      Shoals:2 |       0 |    5736 |   0.0 |       0 |       7 |   0.0 |   193
      Shoals:3 |       0 |   20880 |   0.0 |       0 |      34 |   0.0 |   220
      Shoals:4 |       0 |   31026 |   0.0 |       0 |      62 |   0.0 |   378
      Spider:1 |       0 |     380 |   0.0 |       0 |       3 |   0.0 |    39
      Spider:2 |       0 |   13691 |   0.0 |       0 |      40 |   0.0 |   156
      Spider:3 |       0 |   14717 |   0.0 |       0 |      40 |   0.0 |   163
      Spider:4 |       0 |   31220 |   0.0 |       0 |      91 |   0.0 |   316
       Slime:1 |       0 |    5224 |   0.0 |       0 |       3 |   0.0 |    50
       Slime:2 |       0 |    7815 |   0.0 |       0 |      19 |   0.0 |   117
       Slime:3 |       0 |   38518 |   0.0 |       0 |      33 |   0.0 |    76
       Slime:5 |       0 |   35843 |   0.0 |       0 |      22 |   0.0 |   227
         Orc:1 |       0 |    2436 |   0.0 |       0 |      22 |   0.0 |   197
         Orc:2 |       0 |    8438 |   0.0 |       0 |      83 |   0.0 |   470
         Elf:1 |       0 |   20798 |   0.0 |       0 |      32 |   0.0 |   376
         Elf:2 |       0 |   17579 |   0.0 |       0 |      26 |   0.0 |   271
         Elf:3 |       0 |   73861 |   0.0 |       0 |      64 |   0.0 |   724
      Vaults:1 |       0 |   15811 |   0.0 |       0 |      32 |   0.0 |   301
      Vaults:2 |       0 |   28901 |   0.0 |       0 |      50 |   0.0 |   233
      Vaults:3 |       0 |   48476 |   0.0 |       0 |      72 |   0.0 |   415
      Vaults:4 |       0 |   64619 |   0.0 |       0 |      93 |   0.0 |   492
      Vaults:5 |       0 |  185204 |   0.0 |       0 |     128 |   0.0 |   675
       Crypt:1 |       0 |   29153 |   0.0 |       0 |      41 |   0.0 |   177
       Crypt:2 |       0 |   12401 |   0.0 |       0 |      19 |   0.0 |   177
       Crypt:3 |       0 |   38425 |   0.0 |       0 |      58 |   0.0 |   345
        Tomb:1 |       0 |   41623 |   0.0 |       0 |      50 |   0.0 |   285
        Tomb:2 |       0 |   35656 |   0.0 |       0 |      19 |   0.0 |   347
        Tomb:3 |       0 |   77441 |   0.0 |       0 |      98 |   0.0 |   187
       Abyss:5 |   12271 |    5032 |  70.9 |      18 |      11 |  62.1 |   180
         Zig:1 |       0 |    2694 |   0.0 |       0 |       2 |   0.0 |    15
         Zig:2 |       0 |    3175 |   0.0 |       0 |       2 |   0.0 |    22
         Zig:3 |       0 |    7188 |   0.0 |       0 |       3 |   0.0 |    23
         Zig:4 |       0 |    3347 |   0.0 |       0 |       6 |   0.0 |    20
         Zig:5 |       0 |    5557 |   0.0 |       0 |       6 |   0.0 |    18
         Zig:6 |       0 |    5514 |   0.0 |       0 |       9 |   0.0 |    30
         Zig:7 |       0 |   11549 |   0.0 |       0 |      16 |   0.0 |    42
         Zig:8 |       0 |   15527 |   0.0 |       0 |      14 |   0.0 |    57
         Zig:9 |       0 |   11068 |   0.0 |       0 |      22 |   0.0 |    47
        Zig:10 |       0 |   11726 |   0.0 |       0 |      19 |   0.0 |    78
        Zig:11 |       0 |   23287 |   0.0 |       0 |      21 |   0.0 |    28
        Zig:12 |       0 |   20926 |   0.0 |       0 |      24 |   0.0 |    47
        Zig:13 |       0 |   28376 |   0.0 |       0 |      35 |   0.0 |    81
        Zig:14 |       0 |   31069 |   0.0 |       0 |      38 |   0.0 |    72
        Zig:15 |       0 |   38855 |   0.0 |       0 |      26 |   0.0 |    27
           Lab |       0 |    3097 |   0.0 |       0 |       9 |   0.0 |   325
         Sewer |       0 |      61 |   0.0 |       0 |      19 |   0.0 |   206
         IceCv |       0 |   10234 |   0.0 |       0 |      58 |   0.0 |   337
    Desolation |       0 |   42166 |   0.0 |       0 |      90 |   0.0 |   253
               +---------+---------+-------+---------+---------+-------+---------

Table legend:
 A = Turns spent in this place as a percentage of turns spent in the entire game.
 B = Non-inter-level travel turns spent in this place as a percentage of non-inter-level travel turns spent in the entire game.
 C = Inter-level travel turns spent in this place as a percentage of turns spent in this place.
 D = Turns resting spent in this place as a percentage of non-inter-level travel turns spent in this place.
 E = Turns spent auto-exploring this place as a percentage of non-inter-level travel turns spent in this place.
 F = Non-inter-level travel turns spent in this place divided by the number of levels of this place that you've seen.
                   A       B       C       D       E      F
               +-------+-------+-------+-------+-------+----------------------
         Total | 100.0 | 100.0 |   0.7 |   0.0 |   0.0 | 218.4
       Dungeon |  30.4 |  30.5 |   0.5 |   0.0 |   0.0 | 319.3
        Temple |   0.4 |   0.3 |  24.6 |   0.0 |   0.0 |  46.0
          Lair |   7.9 |   7.9 |   0.0 |   0.0 |   0.2 | 208.2
        Shoals |   5.8 |   5.8 |   0.0 |   0.4 |   0.0 | 228.5
   Spider Nest |   4.3 |   4.3 |   0.0 |   0.0 |   0.0 | 168.5
    Slime Pits |   3.1 |   3.1 |   0.0 |   0.0 |   0.0 |  97.6
  Orcish Mines |   4.2 |   3.8 |   9.9 |   0.0 |   0.0 | 300.5
   Elven Halls |   8.7 |   8.7 |   0.0 |   0.0 |   0.0 | 457.0
        Vaults |  13.4 |  13.5 |   0.0 |   0.1 |   0.0 | 423.2
         Crypt |   4.4 |   4.4 |   0.0 |   0.0 |   0.0 | 233.0
          Tomb |   5.2 |   5.2 |   0.0 |   0.0 |   0.0 | 273.0
         Abyss |   1.1 |   1.1 |   0.0 |   0.0 |   0.0 | 180.0
      Ziggurat |   3.8 |   3.9 |   0.0 |   0.0 |   0.0 |  40.5
     Labyrinth |   2.1 |   2.1 |   0.0 |   0.0 |   0.0 | 325.0
        Bazaar |   0.3 |   0.3 |   0.0 |   0.0 |   0.0 |  52.0
         Sewer |   1.3 |   1.3 |   0.0 |   0.0 |   0.0 | 206.0
      Ice Cave |   2.1 |   2.1 |   0.0 |   0.0 |   0.0 | 337.0
    Desolation |   1.6 |   1.6 |   0.0 |   0.0 |   0.0 | 253.0
               +-------+-------+-------+-------+-------+----------------------

Table legend:
 A = Kills in this place as a percentage of kills in entire the game.
 B = Kills by you in this place as a percentage of kills by you in the entire game.
 C = Kills by friends in this place as a percentage of kills by friends in the entire game.
 D = Other kills in this place as a percentage of other kills in the entire game.
 E = Experience gained in this place as a percentage of experience gained in the entire game.
 F = Experience gained in this place divided by the number of levels of this place that you have seen.
                   A       B       C       D       E      F
               +-------+-------+-------+-------+-------+----------------------
         Total | 100.0 | 100.0 | 100.0 | 100.0 | 100.0 | 18164.2
       Dungeon |  15.4 |  16.6 |   0.0 |  13.3 |   3.8 | 3337.9
          Lair |   7.7 |   8.3 |   0.0 |   0.0 |   3.9 | 8436.0
        Shoals |   5.2 |   4.1 |  21.1 |   0.0 |   5.1 | 16547.0
   Spider Nest |   7.9 |   4.9 |  46.7 |  13.3 |   4.6 | 15002.0
    Slime Pits |   3.5 |   3.8 |   0.0 |   0.0 |   6.7 | 17480.0
  Orcish Mines |   4.7 |   5.1 |   0.0 |   6.7 |   0.8 | 5437.0
   Elven Halls |   5.5 |   5.9 |   0.0 |   6.7 |   8.6 | 37412.7
        Vaults |  16.9 |  17.1 |  15.1 |  13.3 |  26.2 | 68602.2
         Crypt |   5.3 |   5.7 |   0.0 |   6.7 |   6.1 | 26659.7
          Tomb |   7.5 |   7.4 |   8.6 |  13.3 |  11.8 | 51573.3
         Abyss |   1.3 |   1.4 |   0.0 |   0.0 |   1.3 | 17303.0
      Ziggurat |  11.0 |  11.6 |   0.7 |  26.7 |  16.8 | 14657.2
     Labyrinth |   0.4 |   0.4 |   0.0 |   0.0 |   0.2 | 3097.0
         Sewer |   0.9 |   0.9 |   0.0 |   0.0 |   0.0 |  61.0
      Ice Cave |   2.6 |   2.8 |   0.0 |   0.0 |   0.8 | 10234.0
    Desolation |   4.1 |   3.8 |   7.9 |   0.0 |   3.2 | 42166.0
               +-------+-------+-------+-------+-------+----------------------

Vault maps used:
D:1:      dpeg_arrival_arbitrary_a, serial_park_tiny_pond,
          minmay_misc_feat_pillars, minmay_tromino_v4_a
D:2:      yredelemnul_altar_generic, first_ration
D:3:      hangedman_ru_absence, grunt_ministairs_1, bh_walls_and_bars
D:4:      lemuel_crystal_altar, old_standard_altar, uniq_ijyb
D:5:      nicolae_tso_swordbearing_angel, gup_sewer_entry_pipe,
          uniq_blork_the_orc
D:6:      cheibrodos_quashed, lemuel_coloured_pillars_altar
D:7:      old_standard_altar, lemuel_round_altar,
          minmay_temple_entry_butterflies, serial_shops, shop, uniq_joseph,
          uniq_duvessa
D:8:      slow_altar_1, kiku_gazebo_garden_becter
D:10:     uniq_nergalle
D:11:     erik_lair_orcish_takeover, hiddenorc2_lemuel
D:13:     grunt_tengu_nest, uniq_sonja
D:14:     grunt_vaults_entry_fortified, serial_shops, shop,
          minmay_misc_feat_more_columns, minmay_ruined_shrine
D:15:     gammafunk_enter_depths_forms, chequers_big_river
Temple:   nicolae_temple_hex_pool
Lair:1:   grunt_megastairs_5
Lair:2:   minmay_shoals_entry_hut, fungi_pond_lemuel
Lair:3:   beast_lair_carwin_large_4, lab_entry_generic, hibernation_bobbens,
          uniq_harold
Lair:4:   nicolae_spider_entry_tight_spaces, lookout_lair_type, st_stairs_3
Lair:5:   minmay_slime_entry_pillars, uniq_urug
Lair:6:   minmay_lair_end_frog_pond, serial_bayou_shore_b
Shoals:1: lightli_airlock, uniq_donald
Shoals:3: hangedman_shoals_cup_caves, uniq_ilsuiw, uniq_polyphemus
Shoals:4: shoals_end_grunt_ice, shoals_ilsuiw_alternative
Spider:2: spider_trap
Spider:3: portal_ice_cave_entry_dragon, uniq_arachne
Spider:4: guppyfry_spider_rune
Slime:3:  basic_altar, special_room
Orc:1:    basic_altar, nicolae_orc_rockfall, uniq_gastronok, uniq_maurice,
          uniq_josephine
Orc:2:    st_orc_town, serial_shops, nicolae_shop_crystal, shop, shop
Elf:1:    minmay_elf_arrival_circle, serial_shops,
          nicolae_shop_overgrown_old_shop, hangedman_corner_corridor,
          uniq_roxanne, uniq_aizul
Elf:2:    kilobyte_rumbling_trees
Elf:3:    minmay_elf_hall_four_x, basic_altar, item_on_display_a
Vaults:1: vaults_room_corners, ontoclasm_vaults_spin, v_misc_16,
          v_alt_pattern_5, nicolae_vaults_little_squares_6, v_alt_pattern_6,
          st_cells, hangedman_vaults_restitches, ontoclasm_vaults_fault,
          vaults_dpeg_encased_lava, v_misc_33, serial_ice_m,
          grunt_vaults_hallway_short, uniq_asterion
Vaults:2: v_pattern_1, vaults_room_corners, v_misc_23, v_misc_22,
          grunt_vaults_twisty, hangedman_vaults_locks,
          nicolae_vaults_three_branches, v_rooms_1, grunt_vaults_hallway_long,
          nicolae_vaults_little_squares_2, vaults_dpeg_spiral,
          nicolae_vaults_asterisk, vaults_room_pools, vaults_room_hallway,
          portal_desolation_entry_holy_temple
Vaults:3: st_eye, vaults_mumra_hexcomb, minmay_crypt_entry_nasty_monster,
          nicolae_vaults_border_crossing, v_misc_24,
          nicolae_vaults_bisected_inception, v_alt_pattern_2,
          ontoclasm_vaults_tryst, nicolae_vaults_specimen_jars,
          nicolae_vaults_angled_halls, ontoclasm_vaults_decontamination,
          v_alt_pattern_2, ontoclasm_vaults_ring_square,
          nicolae_vaults_gold_heap, vaults_room_pool, serial_shops, statue_bzr,
          uniq_mara
Vaults:4: nicolae_vaults_twisting_passages, ontoclasm_vaults_idyll, v_misc_33,
          vaults_mumra_lcd, nicolae_vaults_meeting, vaults_room_pool,
          nicolae_vaults_little_squares_2, v_misc_24,
          nicolae_vaults_mini_display_case, nicolae_vaults_asterisk,
          hangedman_vaults_stretched_pinwheel, uniq_jory
Crypt:1:  grunt_megastairs_2, uniq_sojobo
Crypt:2:  minmay_shadows, grunt_megastairs_4
Crypt:3:  quadcrypt_mu, uniq_saint_roka, uniq_frederick, uniq_boris
Abyss:5:  evilmike_abyss_exit_4, minivault_22, hangedman_abyss_rune_macabre_mess
Zig:5:    ziggurat_pillar_centre_dead_trees
Zig:14:   ziggurat_pillar_centre_oklobs
Zig:15:   ziggurat_pillar_centre_c
Lab:      nicolae_lab_swirl, nicolae_lab_blocks, nicolae_lab_checkerboard,
          nicolae_lab_garden, nicolae_lab_diamond, nicolae_lab_x,
          nicolae_lab_arrow
Bazaar:   bazaar_jpeg_ribbon
Sewer:    sewer_fruit_machine
IceCv:    ice_cave_caverns_01
